 Dungeon Crawl Stone Soup version 0.30-a0-528-g8c47a4955b (webtiles) character file.

Game seed: 12571968641761326787

1570625 MackTheKnife the Acrobat (level 25, 227/227 HPs)
             Began as a Demigod Gladiator on Dec 22, 2022.
             Escaped with the Orb
             ... and 3 runes on Dec 23, 2022!
             The game lasted 03:24:12 (79207 turns).

MackTheKnife the Acrobat (Demigod Gladiator)       Turns: 79207, Time: 03:24:12

Health: 227/227    AC: 27    Str: 18    XL:     25   Next: 19%
Magic:  46/46      EV: 40    Int: 28    God:
Gold:   5376       SH: 17    Dex: 48    Spells: 5/50 levels left

rFire   + + .      SeeInvis +    a - +9 double sword (vamp) {longrare=g}
rCold   + + .      Faith    .    w - +2 buckler
rNeg    + . .      Spirit   .    X - +5 fire dragon scales
rPois   +          Reflect  +    c - +3 crown of Dyrovepreva {rElec Int+2 SInv}
rElec   +          Harm     .    s - scarf {rC+ rF+}
rCorr   .          Rampage  +    k - +2 pair of gloves of Decompression {rPois Str+2}
Will    +++..                    D - +2 pair of boots of the Barber Surgeon {Contam Rampage Dex+4 SInv}
Stlth   +                        x - amulet "Duenoss" {Reflect Int+5 SH+5 Stlth-}
HPRegen 0.57/turn                A - ring of Dogma {Ice rN+ Str-2 Dex+5}
MPRegen 0.30/turn                n - ring of the Smoking Saviour {rC+ Will+ Str+6}

@: no status effects
A: high MP 1, forlorn, divine attributes, agile 1, weak 1, no potion heal 1,
inability to read after injury 1
0: Orb of Zot
}: 3/15 runes: decaying, serpentine, silver
a: no special abilities


You escaped.
You visited 10 branches of the dungeon, and saw 50 of its levels.
You also visited: Ossuary, Volcano and Wizlab.

You collected 8938 gold pieces.
You spent 3562 gold pieces at shops.


Innate Abilities, Weirdness & Mutations

You have an increased reservoir of magic. (+10% MP)
You shall have no god before yourself.
Your divine heritage dramatically boosts your attributes as you level up.
You are agile. (Dex +4, Str/Int -1)
You are weak. (Str -2)
Potions are less effective at restoring your health.
You occasionally lose the ability to read scrolls when taking damage.


   Skills:
 + Level 19.1 Fighting
 - Level 16.3 Long Blades
 - Level 1.7 Throwing
 - Level 12.4 Armour
 - Level 21.0 Dodging
 - Level 2.1 Stealth
 - Level 7.1 Shields
 - Level 13.3 Spellcasting
 - Level 7.2 Conjurations
 - Level 8.8 Hexes
 - Level 12.6 Necromancy
 - Level 9.2 Transmutations
 - Level 17.5 Ice Magic
 - Level 7.8 Air Magic
 - Level 9.4 Evocations


You had 5 spell levels left.
You knew the following spells:

 Your Spells              Type           Power      Damage    Failure   Level
a - Death Channel         Necr           37%        N/A       9%          6
b - Wereblood             Tmut           63%        N/A       1%          2
c - Metabolic Englaciati  Hex/Ice        47%        N/A       1%          5
d - Yara's Violent Unrav  Hex/Tmut       31%        3d13      7%          5
e - Freezing Cloud        Conj/Ice/Air   44%        6-21      3%          5
f - Ozocubu's Refrigerat  Ice            54%        4d19      7%          7
g - Simulacrum            Ice/Necr       50%        N/A       3%          6
h - Anguish               Hex/Necr       34%        N/A       1%          4
z - Irradiate             Conj/Tmut      30%        3d21      10%         5

Your spell library contained the following spells:

 Spells                   Type           Power      Damage    Failure   Level
 Freeze                   Ice            100%       1d10      0%          1
 Kiss of Death            Conj/Necr      100%       2d13      1%          1
 Magic Dart               Conj           100%       1d8       1%          1
 Necrotise                Necr           100%       1d9       1%          1
 Shock                    Conj/Air       100%       1d9       1%          1
 Sting                    Tmut/Pois      100%       1d8       1%          1
 Cigotuvi's Dreadful Rot  Necr/Pois/Air  100%       N/A       1%          2
 Ensorcelled Hibernation  Hex/Ice        100%       N/A       1%          2
 Searing Ray              Conj           100%       2d8       1%          2
 Static Discharge         Conj/Air       100%       2-7/arc   1%          2
 Sublimation of Blood     Necr           74%        N/A       1%          2
 Confusing Touch          Hex            61%        N/A       1%          3
 Frozen Ramparts          Ice            100%       1d16      1%          3
 Hailstorm                Conj/Ice       93%        3d18      1%          3
 Swiftness                Air            58%        N/A       1%          3
 Tukima's Dance           Hex            61%        N/A       1%          3
 Vampiric Draining        Necr           74%        2d11      1%          3
 Dispel Undead            Necr           74%        3d25      1%          4
 Ice Form                 Ice/Tmut       96%        N/A       1%          4
 Agony                    Necr           74%        N/A       1%          5
 Foxfire                  Conj/Fire      100%       2x1d9     2%          1
 Passwall                 Tmut/Erth      36%        N/A       2%          2
 Cause Fear               Hex            30%        N/A       2%          4
 Summon Ice Beast         Ice/Summ       80%        N/A       2%          4
 Poisonous Vapours        Pois/Air       80%        N/A       3%          2
 Fulminant Prism          Conj/Hex       29%        3d14      3%          4
 Inner Flame              Hex/Fire       43%        N/A       4%          3
 Mephitic Cloud           Conj/Pois/Air  47%        N/A       4%          3
 Portal Projectile        Hex/Tloc       86%        N/A       4%          3
 Spider Form              Tmut/Pois      44%        N/A       4%          3
 Summon Guardian Golem    Hex/Summ       43%        N/A       4%          3
 Vhi's Electric Charge    Tloc/Air       80%        N/A       6%          3
 Stone Arrow              Conj/Erth      78%        3d11      7%          3
 Blade Hands              Tmut           31%        N/A       7%          5
 Ignite Poison            Fire/Tmut/Pois 35%        N/A       9%          3
 Silence                  Hex/Air        30%        N/A       10%         5
 Summon Small Mammal      Summ           72%        N/A       11%         1
 Kindle Blastsparks       Fire/Tloc/Air  66%        2d15      11%         3
 Lightning Bolt           Conj/Air       28%        1d45      13%         5
 Iskenderun's Battlesphe  Conj           56%        2d11      14%         5
 Call Imp                 Summ           18%        N/A       16%         2
 Scorch                   Fire           36%        2d6       16%         2
 Leda's Liquefaction      Hex/Erth       21%        N/A       17%         4
 Flame Wave               Conj/Fire      39%        2d11      24%         4
 Iskenderun's Mystic Bla  Conj/Tloc      39%        2d9       24%         4
 Sticky Flame             Conj/Fire      39%        2d6       24%         4
 Call Canine Familiar     Summ           18%        N/A       30%         3
 Gell's Gravitas          Tloc           18%        N/A       30%         3
 Teleport Other           Tloc           18%        N/A       30%         3
 Alistair's Intoxication  Tmut/Pois      29%        N/A       41%         5
 Summon Mana Viper        Hex/Summ       43%        N/A       43%         5
 Fireball                 Conj/Fire      19%        3d9       54%         5
 Animate Armour           Summ/Erth      36%        N/A       71%         4
 Olgreb's Toxic Radiance  Pois           18%        N/A       71%         4
 Lee's Rapid Deconstruct  Erth           9%         3d7*      96%         5
 Summon Forest            Summ/Tloc      9%         N/A       96%         5
 Conjure Ball Lightning   Conj/Air       28%        3x3d9     56%         6
 Dragon Form              Tmut           31%        N/A       90%         7
 Eringya's Noxious Bog    Tmut/Pois      22%        N/A       94%         6
 Statue Form              Tmut/Erth      29%        N/A       94%         6
 Enfeeble                 Hex            30%        N/A       94%         7
 Storm Form               Tmut/Air       30%        N/A       95%         7
 Iron Shot                Conj/Erth      19%        9d4       98%         6
 Starburst                Conj/Fire      19%        6d7       98%         6
 Borgnjor's Revivificati  Necr           37%        N/A       98%         8
 Infestation              Necr           37%        N/A       98%         8
 Orb of Destruction       Conj           28%        9d9       99%         7
 Dispersal                Tloc           9%         N/A       100%        6
 Summon Cactus Giant      Summ           9%         N/A       100%        6
 Haunt                    Necr/Summ      26%        N/A       100%        7
 Malign Gateway           Summ/Tloc      9%         N/A       100%        7
 Spellforged Servitor     Conj/Summ      19%        N/A       100%        7
 Summon Hydra             Summ           9%         N/A       100%        7
 Discord                  Hex            30%        N/A       100%        8
 Ignition                 Fire           9%         3d5       100%        8
 Lehudib's Crystal Spear  Conj/Erth      19%        10d6      100%        8
 Chain Lightning          Conj/Air       28%        3d38      100%        9
 Dragon's Call            Summ           9%         N/A       100%        9
 Fire Storm               Conj/Fire      19%        8d5       100%        9
 Polar Vortex             Ice            54%        N/A       100%        9
 Shatter                  Erth           9%         3d11*     100%        9

Inventory:

Hand Weapons
 a - a +9 vampiric double sword (weapon) {longrare=g}
   (You subdued it on level 2 of the Elven Halls)
 v - the +7 Throatcutter {drain, coup de grace}
   (You found it on level 3 of the Dungeon)

   A truly terrible weapon, it drains the life of any living foe it strikes.
   It may instantly kill foes which have little health.
Armour
 c - the +3 crown of Dyrovepreva (worn) {rElec Int+2 SInv}
   (You found it on level 2 of the Vaults)

   Int:       It affects your intelligence (+2).
   rElec:     It insulates you from electricity.
   SInv:      It lets you see invisible.
 k - the +2 pair of gloves of Decompression (worn) {rPois Str+2}
   (You acquired it on level 6 of the Dungeon)

   Str:       It affects your strength (+2).
   rPois:     It protects you from poison.
 s - a scarf of resistance (worn)
   (You found it on level 8 of the Dungeon)
 w - a +2 buckler (worn)
   (You took it off a spriggan on level 5 of the Lair of Beasts)
 D - the +2 pair of boots of the Barber Surgeon (worn) {Contam Rampage Dex+4 SInv}
   (You acquired it on level 1 of the Depths)

   Dex:       It affects your dexterity (+4).
   SInv:      It lets you see invisible.
   Contam:    It causes magical contamination when unequipped.
   Rampage:   It bestows one free step when moving towards enemies.
 X - +5 fire dragon scales (worn)
   (You found it on level 2 of the Depths)
Jewellery
 n - the ring of the Smoking Saviour (right hand) {rC+ Will+ Str+6}
   (You took it off a deep elf sorcerer on level 3 of the Elven Halls)

   [ring of strength]

   Str:       It affects your strength (+6).
   rC:        It protects you from cold.
   Will:      It increases your willpower.
 x - the amulet "Duenoss" (around neck) {Reflect Int+5 SH+5 Stlth-}
   (You found it in an ossuary)

   [amulet of reflection]

   It reflects blocked missile attacks.
   Int:       It affects your intelligence (+5).
   SH:        It affects your SH (+5).
   Stlth:     It makes you less stealthy.
 A - the ring of Dogma (left hand) {Ice rN+ Str-2 Dex+5}
   (You bought it in a shop on level 2 of the Orcish Mines)

   [ring of ice]

   It enhances your ice magic.
   Str:       It affects your strength (-2).
   Dex:       It affects your dexterity (+5).
   rF:        It makes you vulnerable to fire.
   rC:        It protects you from cold.
   rN:        It protects you from negative energy.
 E - the ring of the Twisting Jester {rElec rF+ rN+}
   (You took it off an ancient champion on level 3 of the Crypt)

   [ring of positive energy]

   rF:        It protects you from fire.
   rElec:     It insulates you from electricity.
   rN:        It protects you from negative energy.
 F - a ring of flight
   (You found it on level 10 of the Dungeon)
 V - the ring "Voseuja Ezy" {rC+ rCorr}
   (You took it off a deep elf death mage on level 3 of the Elven Halls)

   [ring of protection from cold]

   rC:        It protects you from cold.
   rCorr:     It protects you from acid and corrosion.
Wands
 f - a wand of paralysis (21)
   (You found it on level 1 of the Snake Pit)
 z - a wand of acid (11)
   (You found it on level 2 of the Snake Pit)
 I - a wand of roots (8)
   (You found it on level 4 of the Snake Pit)
 O - a wand of mindburst (18)
   (You found it on level 3 of the Elven Halls)
 Q - a wand of digging (6)
   (You found it on level 5 of the Dungeon)
Scrolls
 e - 5 scrolls of immolation {!r!r}
 i - 7 scrolls of silence {!r}
 o - 2 scrolls of blinking {!r}
 t - 6 scrolls of poison
 u - 4 scrolls of enchant weapon
 G - 4 scrolls of teleportation {@r4}
 N - 9 scrolls of fog
 P - 8 scrolls of magic mapping {!r}
 R - 4 scrolls of butterflies
 U - 2 scrolls of brand weapon
 Y - 27 scrolls of identify {@r1}
 Z - 6 scrolls of fear
Potions
 b - 3 potions of cancellation
 m - 2 potions of haste {@q3}
 q - 3 potions of invisibility
 r - 5 potions of brilliance
 B - 7 potions of might
 C - 11 potions of flight
 H - 5 potions of resistance
 M - 18 potions of curing {@q1}
 S - 9 potions of heal wounds {@q2}
 T - 6 potions of magic
Miscellaneous
 d - a phantom mirror (inert)
   (You found it on level 1 of the Snake Pit)
 g - a tin of tremorstones (2/2) {throwing}
   (You found it on level 1 of the Snake Pit)
 h - a phial of floods
   (You found it on level 2 of the Crypt)
 y - a condenser vane
   (You found it on level 2 of the Orcish Mines)
 K - a lightning rod (4/4)
   (You found it on level 3 of the Elven Halls)
 L - a box of beasts (inert)
   (You found it on level 1 of the Swamp)

Dungeon Overview and Level Annotations

Branches:
Dungeon (15/15)            Temple (0/1) D:7            Lair (5/5) D:11
  Swamp (4/4) Lair:3        Snake (4/4) Lair:3        Slime (0/5) Lair:5
    Orc (2/2) D:9             Elf (3/3) Orc:2        Vaults (5/5) D:13
  Crypt (3/3) Vaults:2     Depths (4/4) D:15            Zot (5/5) Depths:4
Ossuary (visited)         Volcano (visited)          WizLab (visited)
   Tomb: Crypt:3

Shops:
D:9 (   D:15 :   Orc:2 (=![(   Snake:4 =:=   Vaults:1 :   Vaults:2 [
Vaults:4 :   Vaults:5 !!*!!   Depths:2 =[   Depths:4 *[

Portals:
Hell: Depths:1 Depths:2 Depths:3 Depths:4
Abyss: Depths:1 Depths:2 Depths:3
Pandemonium: Depths:2
Ziggurat: Depths:1
Trove: Vaults:3 (give 8 scrolls of fear)

Annotations:
D:3 Grinder
D:5 exclusion: downstairs
D:8 3 runed translucent doors, SlaveLabor's ghost, novice DEEE
Lair:4 exclusion: upstairs
Vaults:1 Zenata
Depths:4 Parghit
Zot:3 Josephina

##.###.###....#....##.........#
##.###.##...........##..#######
#.....#.....###.....##.#
########.....# #.....##.# ..#
#.....## ##.....#.# #.# #..#..#
#..#..#.# #)# #..#..# #..#..#.#
#.# #.....## ##.....#.# #.#
##.....# #@....##.# ..#
#.....###.....#..# ###
##.....#.....##.## #
##.........##..# #
###.....###..## #
##########..## # ##..........##
# #.....####### #
###.....#.....#


There were no monsters in sight!


Message History

(V) Vaults (C) Crypt (U) Depths (H) Hell (Z) Zot
Where to? (Enter - D:7 @ (x,y), ? - help)
A red devil comes into view.
It is wielding a +0 demon trident. 😕 HP[+2] MP[+1]
You regained 2 hp, and now have 223/225 hp. 😕 HP[+1] 😕 MP[+1] 😎 HP[+1]
Your hp is fully restored (225).
There is a stone staircase leading up here. 😎 MP[+1]
You climb upwards.
There is a stone staircase leading down here. 😎 MP[+1]
You can't go up here!
There is a stone staircase leading up here.
You climb upwards.
Level annotation: exclusion: downstairs
There is a stone staircase leading down here. 😎 MP[+1]
(D) Dungeon (T) Temple (L) Lair (S) Swamp (P) Snake Pit (M) Slime Pits (O) Orcish Mines (E) Elven Halls (V) Vaults (C) Crypt (U) Depths (H) Hell (Z) Zot
Where to? (Enter - D:7 @ (x,y), ? - help)
What level of the Dungeon? (default 1, ? - help)
An Executioner comes into view. 😎 MP[+1]
You rampage towards the Executioner!
The Executioner gestures.
The Executioner seems to speed up.
The Executioner completely misses you. x2; The Executioner closely misses you.
You carve the Executioner like a ham!!!
The Executioner hits you but does no damage. x2
You block the Executioner's attack.
The Executioner hits you but does no damage.
You block the Executioner's attack.
The Executioner completely misses you. 😎 MP[+1] Unknown command.
You slash the Executioner! You block the Executioner's attack. x2
The Executioner completely misses you.
The Executioner hits you but does no damage.
The Executioner completely misses you. x2
Unknown command.
You barely miss the Executioner. The Executioner misses you.
You block the Executioner's attack. The Executioner completely misses you.
The Executioner hits you but does no damage.
The Executioner closely misses you.
The Executioner hits you but does no damage.
You closely miss the Executioner. You block the Executioner's attack. x2
The Executioner hits you but does no damage. x2
The Executioner misses you. You block the Executioner's attack. x2
The Executioner hits you but does no damage. x2
You slice the Executioner!!
You kill the Executioner!
Your life force feels restored.
You now have 227 max hp (+2). 😕 HP[+1] MP[+1]
There is a stone staircase leading up here. 😎 HP[+1]
Your hp is fully restored (227).
You climb upwards.
There is a stone staircase leading down here. 😎 MP[+1]
Your mp is fully restored (46).
(D) Dungeon (T) Temple (L) Lair (S) Swamp (P) Snake Pit (M) Slime Pits (O) Orcish Mines (E) Elven Halls (V) Vaults (C) Crypt (U) Depths (H) Hell (Z) Zot
Where to? (Enter - D:1, ? - help)
What level of the Dungeon? (default 1, ? - help)
There is a stone staircase leading up here.
You climb upwards.
Level annotation: Grinder
There is a stone staircase leading down here.
A worm comes into view.
There is a stone staircase leading up here.
You climb upwards.
There is a stone staircase leading down here.
(D) Dungeon (T) Temple (L) Lair (S) Swamp (P) Snake Pit (M) Slime Pits (O) Orcish Mines (E) Elven Halls (V) Vaults (C) Crypt (U) Depths (H) Hell (Z) Zot
Where to? (Enter - D:1, ? - help)
What level of the Dungeon? (default 1, ? - help)
A red devil comes into view. It is wielding a +0 trident.
Unknown command.
The red devil hits you but does no damage.
You rampage towards the red devil!
You barely miss the red devil.
You open the red devil like a pillowcase!!!
You kill the red devil!
No target in view!
You see here a +0 trident {polearm}.
There is a stone staircase leading up here.
You climb upwards.
There is a stone staircase leading down here.
There is an open door here.
There is a staircase leading out of the dungeon here.
You have escaped!

Skill      XL: |  1  2  3  4  5  6  7  8  9 10 11 12 13 14 15 16 17 18 19 20 21 22 23 24 25 |
---------------+----------------------------------------------------------------------------+-----
Long Blades    | 3 4 5 6 7 8 9 11 12 14 15 16 | 16.3
Fighting       | 3 5 8 12 13 14 17 18 19 | 19.1
Dodging        | 4 7 9 11 13 14 16 17 21 | 21.0
Shields        | 7 |  7.1
Ice Magic      | 2 3 8 12 14 16 17 | 17.5
Spellcasting   | 1 2 7 8 10 11 13 | 13.3
Armour         | 4 10 12 | 12.4
Evocations     | 6 9 |  9.4
Transmutations | 5 7 8 9 |  9.2
Hexes          | 2 7 8 |  8.8
Conjurations   | 2 6 7 |  7.2
Air Magic      | 2 7 |  7.8
Stealth        | 2 |  2.1
Necromancy     | 8 11 12 | 12.6
Throwing       | |  1.7

Action                   |  1- 3 |  4- 6 |  7- 9 | 10-12 | 13-15 | 16-18 | 19-21 | 22-24 | 25-27 || total
-------------------------+-------+-------+-------+-------+-------+-------+-------+-------+-------++-------
Melee: Long sword        |   125 |    92 |   259 |   663 |  1353 |  1115 |  1342 |       |       ||  4949
       Punch             |       |     1 |       |     8 |       |       |       |       |       ||     9
       Headbutt          |       |       |       |       |    56 |   306 |   314 |       |       ||   676
       Double sword      |       |       |       |       |       |       |   128 |  1891 |    62 ||  2081
       Bite              |       |       |       |       |       |       |    35 |    28 |       ||    63
Throw: Dart              |     1 |       |     6 |     1 |     2 |       |       |       |       ||    10
       Throwing net      |       |       |     5 |     2 |     1 |       |       |       |       ||     8
 Cast: Wereblood         |       |       |       |       |    14 |    29 |    13 |    21 |       ||    77
       Frozen Ramparts   |       |       |       |       |    12 |    26 |       |       |       ||    38
       Metabolic Englaci |       |       |       |       |       |    75 |    82 |    30 |     2 ||   189
       Freezing Cloud    |       |       |       |       |       |    97 |    56 |     8 |     1 ||   162
       Yara's Violent Un |       |       |       |       |       |    34 |    56 |    41 |       ||   131
       Ozocubu's Refrige |       |       |       |       |       |       |    62 |    34 |     2 ||    98
       Death Channel     |       |       |       |       |       |       |    12 |    19 |     2 ||    33
       Simulacrum        |       |       |       |       |       |       |    17 |    14 |     1 ||    32
       Anguish           |       |       |       |       |       |       |       |    16 |       ||    16
       Irradiate         |       |       |       |       |       |       |       |    10 |       ||    10
Evoke: Wand              |       |       |       |     6 |    26 |     9 |     3 |    10 |     2 ||    56
       Condenser vane    |       |       |       |       |     3 |     5 |     7 |     8 |       ||    23
       Tin of tremorston |       |       |       |       |       |     8 |     8 |     6 |       ||    22
       Phantom mirror    |       |       |       |       |       |     5 |     4 |     4 |     1 ||    14
       Box of beasts     |       |       |       |       |       |     1 |     6 |     4 |     1 ||    12
       Phial of floods   |       |       |       |       |       |       |       |     1 |       ||     1
  Use: Scroll            |       |     7 |     7 |    18 |    10 |     2 |    15 |    22 |     2 ||    83
       Potion            |       |     1 |       |     2 |     9 |       |     8 |    28 |     9 ||    57
 Stab: Distracted        |     1 |       |       |       |     2 |     3 |    16 |    23 |     2 ||    47
       Sleeping          |     1 |       |       |       |       |     4 |     4 |       |       ||     9
       Held in net/web   |       |       |     3 |       |     1 |       |       |       |       ||     4
       Confused          |       |       |       |       |     4 |       |       |     2 |       ||     6
       Paralysed         |       |       |       |       |     6 |       |       |       |       ||     6
Armor: Leather armour    |    20 |       |       |       |       |       |       |       |       ||    20
       Chain mail        |    18 |    60 |    30 |       |   200 |       |       |       |       ||   308
       Ring mail         |     4 |       |    67 |     5 |       |       |       |       |       ||    76
       Steam dragon scal |       |       |       |    59 |    47 |    95 |    99 |       |       ||   300
       Fire dragon scale |       |       |       |       |       |       |   125 |   371 |    19 ||   515
       Skin              |       |       |       |       |       |       |       |     5 |       ||     5
Dodge: Dodged            |    66 |    37 |   158 |   479 |   752 |   668 |   957 |  1421 |    30 ||  4568
Block: Other             |       |       |     6 |    79 |       |       |       |       |       ||    85
       Reflection        |       |       |     1 |     6 |    69 |    65 |    26 |    25 |       ||   192
       Buckler           |       |       |       |   107 |  1027 |   719 |   864 |  1319 |    29 ||  4065

Levels and vault maps discovered:
D:1:      minmay_arrival_loop, layout_basic, bh_walls_and_bars
D:2:      layout_rooms, basic_ecumenical_altar
D:3:      layout_loops_ring, serial_bayou_pond_c, uniq_grinder
D:4:      layout_basic, uniq_duvessa
D:5:      layout_rooms, chequers_serial_rivers_large_b
D:6:      layout_rooms, minmay_manual_mullet, uniq_blork_the_orc
D:7:      layout_cave_pools, minmay_temple_entry_mist,
          nicolae_ossuary_entry_monument, nicolae_elevator_lobby_plus
D:8:      layout_basic, gammafunk_ghost_ooze, nicolae_zen_rock_garden,
          reono_crystal_passage, minmay_misc_feat_alley, uniq_erica
D:9:      layout_cave_pools, grunt_temple_overflow_magic_moments, minitemple,
          minmay_orc_entry_temple_small, serial_shops, nicolae_square_shop,
          hangedman_abyss_or_decor_stagger, minmay_fractal_squares_5
D:10:     layout_roguey, cheibriados_altar_1, centaur_isle
D:11:     minmay_the_grid_octo_triangle [minmay_the_grid_octo_clover_2,
          minmay_the_grid_octo_prize_ultimate_mussel_roller,
          minmay_the_grid_octo_empty], layout_basic, uniq_psyche
D:12:     layout_loops_cross
D:13:     layout_basic, grunt_vaults_entry_tiered
D:14:     layout_gridville, grunt_decor_clamped, chequers_serial_rivers_micro_d
D:15:     grunt_enter_depths_hoard, layout_loops_ring, serial_shops,
          nicolae_shop_hallway_plus, minmay_misc_feat_more_columns,
          beargit_hepliaklqana_dungeon_heroes
Lair:1:   layout_cave_pods
Lair:2:   layout_layer_cave, st_stairs_4
Lair:3:   dreamdust_isle_of_ice, layout_gridlike,
          nicolae_swamp_entry_splash_gauntlet,
          minmay_snake_entry_guardpost_small, infiniplex_staircase_pool
Lair:4:   layout_loops_ring
Lair:5:   minmay_lair_end_enchanted_forest, layout_regular_city, slime_entry_1,
          serial_bayou_shore_a, grunt_megastairs_5
Swamp:1:  layout_basic_swamp, evilmike_swamp_ruin_house_4, uniq_mlioglotl
Swamp:2:  layout_basic_swamp, evilmike_swamp_ruin_house_2,
          nicolae_swamp_bunyip_nook
Swamp:3:  layout_basic_swamp, nicolae_swamp_decorative_isthmus
Swamp:4:  swamp_basic_johnstein, layout_basic_swamp
Snake:1:  onia_ninara_swampy_vault, layout_misc_corridors
Snake:2:  nicolae_snake_attic_fulla_snakes, layout_cave_town
Snake:3:  layout_basic
Snake:4:  snake_pit_salamanders_mu, layout_misc_corridors, minmay_shop_grove,
          serial_bayou_shore_b, lemuel_fruit_tree
Orc:1:    layout_caves, nicolae_volcano_entry_vermiform, uniq_sonja, uniq_urug,
          uniq_jorgrun
Orc:2:    grunt_orc_tribal_feast, layout_caves, serial_shops,
          nicolae_shop_behind_doors, basic_altar, lemuel_statue_altar,
          minmay_orc_treasury
Elf:1:    eino_elf_arrival_sip, layout_loops_cross, serial_hangedman_research,
          hangedman_research_probablistics, hangedman_research_toxicology,
          hangedman_research_thanatology, hangedman_research_metamorphosis,
          hangedman_research_pyrotechnics, hangedman_research_electronics,
          hangedman_elven_crosses_minicolossus
Elf:2:    nicolae_elf_blades_crystal_corner, layout_rooms
Elf:3:    minmay_elf_hall_dome, layout_geoelf_castle, dk_noncrumbling_2,
          uniq_donald
Vaults:1: vaults_room_fours, nicolae_vaults_display_case, v_misc_23,
          vaults_room_grunt_arrival_ludios, v_misc_1,
          nicolae_vaults_ring_of_whatevers, serial_ice_m, vaults_mumra_hexcomb,
          v_rooms_3, v_misc_16, hangedman_vaults_trim, layout_vaults_omnicross,
          serial_shops, shop, uniq_saint_roka, uniq_zenata
Vaults:2: hangedman_vaults_nodes, grunt_vaults_diagonal,
          minmay_crypt_entry_nasty_monster, grunt_tower_of_power,
          hangedman_vaults_unwind, nicolae_vaults_specimen_jars, v_misc_9,
          vaults_standard_mumra_lines, nicolae_vaults_network_square,
          v_pattern_5, nicolae_vaults_rhombus_5, layout_vaults_omnibox,
          serial_shops, shop
Vaults:3: v_rooms_2, nicolae_vaults_big_ls, v_misc_22, ontoclasm_vaults_chip,
          vaults_dpeg_ring, layout_vaults_chaotic_city,
          nicolae_trove_entry_isolated
Vaults:4: nicolae_vaults_network_quinsquares
          [nicolae_vaults_network_quincunx_subvault,
          nicolae_vaults_network_quincunx_subvault,
          nicolae_vaults_network_quincunx_subvault,
          nicolae_vaults_network_quincunx_subvault], nicolae_vaults_little_ls,
          v_rooms_4, nicolae_vaults_asterisk, v_misc_14, ontoclasm_vaults_pinch,
          hangedman_vaults_slice, layout_vaults_omnigrid, serial_shops,
          nicolae_shop_advertising_works [nicolae_subvault_shop_adworks]
Vaults:5
Crypt:1:  layout_regular_city, mu_enter_wizlab_3, hex_tiny,
          grunt_crypt_arrival_webbed
Crypt:2:  layout_gridlike
Crypt:3:  lightli_unholy_cathedral, layout_chaotic_city,
          nicolae_tomb_entry_grand_gallery, st_vampire_maze
Depths:1: layout_roguey, enter_ziggurat_d, pf_hell_entry_tar_river,
          kennysheep_cross_bottleneck, hangedman_abyss_entry_splay,
          minmay_misc_feat_x, grunt_ministairs_7, minmay_tree_intersection,
          chequers_serial_rivers_micro_d, kennysheep_underground_church
Depths:2: grunt_double_whammy, layout_basic, grunt_pan_entry_spiral, hell_entry,
          chequers_serial_rivers_micro_e, abyss_entry, zin_scriptorium,
          infiniplex_staircase_spiral_double, minmay_shoptagon, uniq_vv,
          uniq_asterion
Depths:3: nicolae_cairo_tiling_large, layout_cave_shapes, lightli_too_deep,
          abyss_entry_small_statue_room
Depths:4: grunt_crosshair, layout_cave_shapes, hell_entry, nicolae_sextant,
          minmay_shop_star
Zot:1:    layout_onion_interference, st_stairs_9, st_single_dragon_hoard_2,
          uniq_parghit
Zot:2:    lemuel_firehouse, layout_concentric_octagons
Zot:3:    gammafunk_mikee_crab_dinner, layout_misc_corridors,
          grunt_megastairs_4, uniq_josephina, uniq_grunn
Zot:4:    kennysheep_spiral_hall, layout_onion_interference
Zot:5:    layout_gridlike

Notes
Turn   | Place    | Note
-------+----------+-------------------------------------------
     0 | D:1      | MackTheKnife the Demigod Gladiator began the quest for the
                  | Orb.
     0 | D:1      | Reached XP level 1. HP: 17/17 MP: 3/3
     0 | D:1      | magus.rc [v1.9.6]
   154 | D:1      | Reached skill level 3 in Long Blades
   203 | D:1      | Reached XP level 2. HP: 24/24 MP: 4/4
   664 | D:1      | HP: 5/24 [jackal (2)]
   897 | D:1      | You fall into a shaft and drop 1 floor!
  1062 | D:2      | Reached XP level 3. HP: 29/29 MP: 5/5
  1068 | D:2      | Reached skill level 4 in Long Blades
  1171 | D:2      | You pick up a book of Rime and begin reading...
  1171 | D:2      | You add the spells Frozen Ramparts, Ice Form and Summon Ice
                  | Beast to your library.
  1387 | D:2      | Reached XP level 4. HP: 36/36 MP: 6/6
  1565 | D:3      | Found the +7 Throatcutter {drain, coup de grace}
  1812 | D:3      | HP: 7/36 [gnoll/+0 spear (8)]
  2058 | D:2      | Reached skill level 5 in Long Blades
  2093 | D:3      | Noticed Grinder
  2441 | D:4      | Reached XP level 5. HP: 41/41 MP: 7/7
  2693 | D:4      | Noticed Duvessa
  2693 | D:4      | Noticed Dowan
  2701 | D:4      | Killed Duvessa
  2702 | D:4      | Reached skill level 6 in Long Blades
  2702 | D:4      | HP: 2/41 [Dowan/stone arrow (17)]
  2706 | D:4      | Killed Dowan
  2707 | D:4      | Reached XP level 6. HP: 2/48 MP: 8/8
  2928 | D:4      | Reached skill level 2 in Fighting
  3516 | D:5      | Entered Level 5 of the Dungeon
  3537 | D:5      | Reached skill level 3 in Fighting
  3537 | D:5      | Reached skill level 7 in Long Blades
  3600 | D:5      | Reached XP level 7. HP: 57/57 MP: 9/9
  3738 | D:5      | Reached skill level 4 in Fighting
  4104 | D:6      | Noticed Blork the orc
  4252 | D:6      | You pick up a book of Frost and begin reading...
  4252 | D:6      | You add the spells Freeze and Hailstorm to your library.
  4343 | D:6      | Killed Blork the orc
  4344 | D:6      | Reached skill level 8 in Long Blades
  4408 | D:6      | Reached skill level 5 in Fighting
  4410 | D:6      | Reached XP level 8. HP: 67/68 MP: 10/10
  4515 | D:6      | You pick up a book of Minor Magic and begin reading...
  4515 | D:6      | You add the spells Magic Dart, Call Imp and Mephitic Cloud
                  | to your library.
  4632 | D:6      | Identified a scroll of acquirement
  4632 | D:6      | Acquired the +2 pair of gloves of Decompression {rPois
                  | Str+2}
  4719 | D:6      | Reached skill level 3 in Dodging
  4831 | D:6      | You pick up a book of the Spheres and begin reading...
  4831 | D:6      | You add the spells Iskenderun's Battlesphere, Fireball,
                  | Conjure Ball Lightning and Orb of Destruction to your
                  | library.
  4957 | D:6      | Reached skill level 9 in Long Blades
  5073 | D:6      | Reached skill level 4 in Dodging
  5398 | D:7      | Reached XP level 9. HP: 72/75 MP: 11/11
  5436 | D:7      | Found a staircase to the Ecumenical Temple.
  5437 | D:7      | Noticed a gargoyle
  5451 | D:7      | Killed a gargoyle
  5452 | D:7      | Reached skill level 5 in Dodging
  5463 | D:7      | Reached skill level 10 in Long Blades
  5495 | D:7      | Found a sand-covered staircase.
  5511 | Ossuary  | Entered an ossuary
  5586 | Ossuary  | Reached skill level 6 in Dodging
  5753 | Ossuary  | Identified the amulet "Duenoss" {Reflect Int+5 SH+5 Stlth-}
  5853 | D:7      | Noticed a gargoyle
  5864 | D:7      | Killed a gargoyle
  5865 | D:7      | Reached skill level 7 in Dodging
  6371 | D:8      | Noticed a two-headed ogre
  6382 | D:8      | Killed a two-headed ogre
  6383 | D:8      | Reached skill level 11 in Long Blades
  6383 | D:8      | Reached XP level 10. HP: 83/83 MP: 13/13
  6441 | D:8      | Noticed Erica
  6451 | D:8      | Killed Erica
  6543 | D:8      | Reached skill level 8 in Dodging
  6591 | D:8      | Found a runed translucent gate.
  6591 | D:8      | Found a runed translucent gate.
  6591 | D:8      | Found a runed translucent gate.
  7004 | D:8      | Noticed SlaveLabor's ghost (novice DEEE)
  7170 | D:9      | Found a staircase to the Orcish Mines.
  7221 | D:9      | Got Vehumet's Grimoire of the Barrage
  7437 | D:9      | Found Ebiusm's Antique Weapon Emporium.
  7449 | D:9      | Reached skill level 12 in Long Blades
  7563 | D:9      | Reached skill level 9 in Dodging
  7946 | D:10     | Entered Level 10 of the Dungeon
  8193 | D:10     | Reached XP level 11. HP: 87/89 MP: 14/14
  8631 | D:10     | You pick up a book of Decay and begin reading...
  8631 | D:10     | You add the spells Cigotuvi's Dreadful Rot, Dispel Undead
                  | and Death Channel to your library.
  8993 | D:11     | Noticed Psyche
  8998 | D:11     | Killed Psyche
  8999 | D:11     | Reached skill level 10 in Dodging
  9068 | D:11     | You pick up a book of Flames and begin reading...
  9068 | D:11     | You add the spells Inner Flame, Sticky Flame and Flame Wave
                  | to your library.
  9230 | D:11     | Found a staircase to the Lair.
  9365 | D:11     | Reached skill level 13 in Long Blades
  9817 | D:11     | Noticed an eight-headed hydra
  9889 | Lair:1   | Entered Level 1 of the Lair of Beasts
  9919 | Lair:1   | Reached skill level 11 in Dodging
 10849 | Lair:2   | Noticed an eight-headed hydra
 11064 | Lair:2   | Reached skill level 14 in Long Blades
 11078 | Lair:2   | Reached XP level 12. HP: 83/95 MP: 15/15
 11089 | Lair:2   | Reached skill level 6 in Fighting
 11233 | Lair:2   | Reached skill level 1 in Shields
 11247 | Lair:2   | Reached skill level 2 in Shields
 11263 | Lair:2   | Reached skill level 3 in Shields
 11808 | Lair:2   | Noticed a five-headed hydra
 11865 | Lair:3   | Reached skill level 4 in Shields
 11963 | Lair:3   | Reached skill level 5 in Shields
 12090 | Lair:3   | Gained mutation: You have hidden genetic potential. [potion
                  | of mutation]
 12090 | Lair:3   | Gained mutation: Your muscles are strong. (Str +4, Int/Dex
                  | -1) [potion of mutation]
 12111 | Lair:3   | Found a staircase to the Snake Pit.
 12235 | Lair:3   | Noticed a six-headed hydra
 12341 | Lair:3   | Reached skill level 6 in Shields
 12399 | Lair:3   | Identified the +0 leather armour "Visil" {rPois rN++ Will-
                  | Stlth+}
 12444 | Lair:3   | Reached skill level 7 in Shields
 12492 | Lair:3   | Noticed a six-headed hydra
 12690 | Lair:3   | Reached skill level 7 in Fighting
 12706 | Lair:3   | Killed a nine-headed hydra
 13028 | Lair:4   | Acquired the amulet "Rerod" {Regen+ Str+2}
 13154 | Lair:4   | You pick up a book of Burglary and begin reading...
 13154 | Lair:4   | You add the spells Passwall, Ensorcelled Hibernation and
                  | Swiftness to your library.
 13653 | Lair:5   | Entered Level 5 of the Lair of Beasts
 13673 | Lair:5   | Reached skill level 8 in Fighting
 13678 | Lair:5   | Learned a level 3 spell: Frozen Ramparts
 13682 | Lair:5   | You add the spells Summon Cactus Giant and Malign Gateway
                  | to your library.
 13682 | Lair:5   | Got the Commentary on Shivering Accompaniment
 13871 | Lair:5   | Reached XP level 13. HP: 92/110 MP: 16/16
 13875 | Lair:5   | Identified the +3 morningstar of Gallantry {freeze, *Noise
                  | rF++ rN+ Str-5}
 14029 | Lair:5   | Reached skill level 9 in Fighting
 14404 | Lair:5   | Reached skill level 10 in Fighting
 14564 | Lair:5   | Gained mutation: You have a pair of small antennae on your
                  | head. [hidden potential]
 14632 | Lair:5   | Found a staircase to the Slime Pits.
 14896 | Lair:5   | You pick up a book of Dreams and begin reading...
 14896 | Lair:5   | You add the spells Spider Form and Anguish to your library.
 15029 | Lair:5   | Reached skill level 11 in Fighting
 15358 | Orc:1    | Entered Level 1 of the Orcish Mines
 15358 | Orc:1    | Noticed Jorgrun
 15367 | Orc:1    | Killed Jorgrun
 15373 | Orc:1    | Noticed Sonja
 15392 | Orc:1    | Killed Sonja
 15647 | Orc:1    | Noticed Urug
 15671 | Orc:1    | Killed Urug
 15672 | Orc:1    | Reached skill level 12 in Fighting
 15725 | Orc:1    | Found a dark tunnel.
 15745 | Volcano  | Entered a volcano
 16004 | Volcano  | Reached skill level 1 in Ice Magic
 16009 | Volcano  | Reached skill level 1 in Spellcasting
 16009 | Volcano  | Reached skill level 2 in Ice Magic
 16553 | Orc:2    | Entered Level 2 of the Orcish Mines
 16708 | Orc:2    | Reached skill level 1 in Armour
 16952 | Orc:2    | Found a staircase to the Elven Halls.
 17118 | Orc:2    | Reached skill level 2 in Armour
 17362 | Orc:2    | Reached skill level 3 in Armour
 17729 | Orc:2    | Found Nanoeleg's Weapon Boutique.
 17784 | Orc:2    | Reached skill level 4 in Armour
 17895 | Orc:2    | Reached XP level 14. HP: 105/127 MP: 20/20
 17915 | Orc:2    | Reached skill level 5 in Armour
 18015 | Orc:2    | Found Xofe's Jewellery Shop.
 18015 | Orc:2    | Found Foasuite's Antique Weapon Shoppe.
 18021 | Orc:2    | Found Jaolylaz's Distillery.
 18021 | Orc:2    | Found Afivut's Armour Shoppe.
 18035 | Orc:2    | Bought a potion of heal wounds for 75 gold pieces
 18037 | Orc:2    | Bought the ring of Dogma {Ice rN+ Str-2 Dex+5} for 595 gold
                  | pieces
 18039 | Orc:2    | Bought a ring of willpower for 350 gold pieces
 18075 | Orc:2    | Reached skill level 6 in Armour
 18310 | Orc:2    | Noticed an orc warlord
 18338 | Orc:2    | Reached skill level 7 in Armour
 18351 | Orc:2    | Killed an orc warlord
 18427 | Orc:2    | Noticed an orc warlord
 18458 | Orc:2    | Killed an orc warlord
 18632 | Orc:2    | You pick up a book of Vapours and begin reading...
 18857 | D:12     | Reached skill level 8 in Armour
 19466 | D:13     | Reached skill level 9 in Armour
 19679 | D:13     | Found a gate to the Vaults.
 19815 | D:13     | Reached skill level 10 in Armour
 19902 | D:13     | Reached skill level 1 in Evocations
 20342 | D:13     | Reached skill level 2 in Evocations
 20657 | D:14     | Reached skill level 3 in Evocations
 20847 | D:14     | Reached skill level 4 in Evocations
 20989 | D:14     | Reached skill level 5 in Evocations
 21093 | D:15     | Entered Level 15 of the Dungeon
 21289 | D:15     | Found a staircase to the Depths.
 21410 | D:15     | Reached skill level 6 in Evocations
 21650 | D:15     | Found Efibbuj's Book Emporium.
 21655 | D:15     | Bought a book of Blood for 336 gold pieces
 21655 | D:15     | You pick up a book of Blood and begin reading...
 21655 | D:15     | You add the spells Sublimation of Blood, Wereblood and
                  | Summon Hydra to your library.
 21721 | D:15     | Learned a level 2 spell: Wereblood
 21824 | D:15     | Reached skill level 3 in Ice Magic
 22033 | D:15     | Reached skill level 2 in Spellcasting
 22033 | D:15     | Reached XP level 15. HP: 134/134 MP: 21/21
 22050 | D:15     | Reached skill level 1 in Transmutations
 22305 | Depths:1 | Entered Level 1 of the Depths
 22415 | D:13     | Reached skill level 4 in Ice Magic
 22639 | Lair:3   | Reached skill level 2 in Transmutations
 22869 | Lair:3   | Found a staircase to the Swamp.
 23277 | Snake:1  | Entered Level 1 of the Snake Pit
 23335 | Snake:1  | Reached skill level 3 in Spellcasting
 23338 | Snake:1  | Reached skill level 5 in Ice Magic
 23340 | Snake:1  | Gained mutation: Your muscles are very strong. (Str +8,
                  | Int/Dex -2) [hidden potential]
 23340 | Snake:1  | Lost mutation: You have hidden genetic potential. [hidden
                  | potential expressed]
 23478 | Swamp:1  | Entered Level 1 of the Swamp
 23537 | Swamp:1  | Noticed Mlioglotl
 23583 | Swamp:1  | Reached skill level 3 in Transmutations
 23585 | Swamp:1  | You pick up a book of the Tundra and begin reading...
 23982 | Lair:3   | HP: 25/134 [six-headed hydra (9)]
 24539 | Elf:1    | Entered Level 1 of the Elven Halls
 24783 | Elf:1    | Reached skill level 4 in Spellcasting
 24848 | Orc:2    | Lost mutation: You have a pair of small antennae on your
                  | head. [potion of mutation]
 24848 | Orc:2    | Lost mutation: Your muscles are very strong. (Str +8,
                  | Int/Dex -2) [potion of mutation]
 24848 | Orc:2    | Lost mutation: Your muscles are strong. (Str +4, Int/Dex
                  | -1) [potion of mutation]
 24848 | Orc:2    | Gained mutation: You are robust. (+10% HP) [potion of
                  | mutation]
 24848 | Orc:2    | Gained mutation: You have supernaturally acute eyesight.
                  | (SInv) [potion of mutation]
 24848 | Orc:2    | Gained mutation: You occasionally shout uncontrollably at
                  | your foes. [potion of mutation]
 24848 | Orc:2    | Gained mutation: You have a pair of small horns on your
                  | head. [potion of mutation]
 24931 | Elf:1    | Reached skill level 4 in Transmutations
 25261 | Elf:1    | Reached skill level 5 in Spellcasting
 25261 | Elf:1    | Reached skill level 5 in Transmutations
 25353 | Elf:1    | You add the spells Scorch, Kindle Blastsparks, Starburst
                  | and Ignition to your library.
 25353 | Elf:1    | Got the Textbook on the Pyromaniac
 25682 | Elf:1    | You add the spells Ignite Poison, Alistair's Intoxication
                  | and Eringya's Noxious Bog to your library.
 25682 | Elf:1    | Got Sif Muna's Handbook of Venom
 25704 | Elf:1    | Noticed a sphinx
 25715 | Elf:1    | Reached skill level 6 in Ice Magic
 25725 | Elf:1    | Killed a sphinx
 25726 | Elf:1    | Reached skill level 6 in Spellcasting
 25750 | Elf:1    | You add the spells Tukima's Dance, Cause Fear, Yara's
                  | Violent Unravelling, Metabolic Englaciation and Enfeeble to
                  | your library.
 25750 | Elf:1    | Got the Tome of Guile
 25809 | Elf:1    | Reached skill level 7 in Ice Magic
 26136 | Elf:1    | Reached skill level 8 in Ice Magic
 26185 | Elf:1    | You add the spells Sting and Storm Form to your library.
 26185 | Elf:1    | Got Sif Muna's Treatise on Variation
 26312 | Elf:1    | Reached skill level 7 in Spellcasting
 26419 | Elf:1    | You pick up a book of Conjurations {@e2} and begin
                  | reading...
 26419 | Elf:1    | You add the spells Searing Ray and Fulminant Prism to your
                  | library.
 26426 | Elf:1    | Learned a level 5 spell: Metabolic Englaciation
 26472 | Elf:1    | Reached skill level 1 in Hexes
 26572 | Elf:1    | Noticed a bone dragon
 26662 | Elf:1    | Reached skill level 2 in Hexes
 27106 | Snake:1  | Noticed a tentacled monstrosity
 27135 | Lair:3   | Reached XP level 16. HP: 118/154 MP: 31/31
 27327 | Snake:1  | Reached skill level 3 in Hexes
 27349 | Snake:1  | Reached skill level 4 in Hexes
 27588 | Snake:1  | Reached skill level 5 in Hexes
 27742 | Snake:1  | Reached skill level 6 in Hexes
 27774 | Snake:1  | You pick up a book of Flames and begin reading...
 28136 | Snake:1  | Reached skill level 7 in Hexes
 28673 | Snake:2  | Reached skill level 9 in Ice Magic
 29319 | Snake:3  | Reached skill level 10 in Ice Magic
 29657 | Snake:3  | Learned a level 5 spell: Yara's Violent Unravelling
 29739 | Snake:3  | Reached skill level 11 in Ice Magic
 30320 | Snake:3  | Reached skill level 12 in Ice Magic
 31136 | Snake:2  | Reached skill level 8 in Spellcasting
 31793 | Snake:4  | Entered Level 4 of the Snake Pit
 31804 | Snake:4  | Found Woptyrul's Jewellery Shop.
 31805 | Snake:4  | Found Naopilol's Book Emporium.
 31806 | Snake:4  | Found Vuelupit's Jewellery Shop.
 31818 | Snake:4  | Bought a Trismegistus Codex for 560 gold pieces
 31824 | Snake:4  | Learned a level 5 spell: Freezing Cloud
 32052 | Snake:4  | Reached skill level 1 in Conjurations
 32052 | Snake:4  | Reached skill level 1 in Air Magic
 32242 | Snake:4  | Reached skill level 2 in Conjurations
 32242 | Snake:4  | Reached skill level 2 in Air Magic
 32402 | Snake:4  | Reached XP level 17. HP: 161/161 MP: 24/34
 32476 | Snake:4  | Reached skill level 3 in Conjurations
 32476 | Snake:4  | Reached skill level 3 in Air Magic
 32487 | Snake:4  | HP: 38/161 [anaconda (7)]
 32816 | Snake:4  | Reached skill level 4 in Conjurations
 32833 | Snake:4  | Reached skill level 4 in Air Magic
 33756 | Snake:4  | Reached skill level 5 in Conjurations
 33763 | Snake:4  | Reached skill level 5 in Air Magic
 33767 | Snake:4  | Got a serpentine rune of Zot
 34392 | Snake:4  | Reached skill level 9 in Spellcasting
 34536 | Snake:4  | You pick up a book of Ice and begin reading...
 35099 | Lair:3   | Lost mutation: You are robust. (+10% HP) [you]
 35105 | Lair:3   | Killed Mlioglotl
 35106 | Lair:3   | Reached skill level 6 in Transmutations
 35555 | Swamp:1  | magus.rc [v1.9.6]
 35764 | Swamp:2  | Reached skill level 6 in Conjurations
 35789 | Swamp:2  | Reached skill level 6 in Air Magic
 36481 | Swamp:2  | Paralysed by a fenstrider witch for 2 turns
 36503 | Swamp:2  | Identified the +3 plate armour "Bofryugh" {rCorr Str+4}
 36505 | Swamp:2  | magus.rc [v1.9.6]
 36592 | Swamp:3  | Reached skill level 7 in Transmutations
 37062 | Swamp:3  | Reached skill level 7 in Air Magic
 37154 | Swamp:3  | magus.rc [v1.9.6]
 37578 | Swamp:4  | Entered Level 4 of the Swamp
 37587 | Swamp:4  | magus.rc [v1.9.6]
 37590 | Swamp:4  | Gained mutation: You are dopey. (Int -2) [you]
 37709 | Swamp:4  | Reached skill level 10 in Spellcasting
 37721 | Swamp:4  | You pick up a book of Iron and begin reading...
 37721 | Swamp:4  | You add the spells Animate Armour, Blade Hands and Iron
                  | Shot to your library.
 37907 | Swamp:4  | Identified the +9 quarterstaff of Ribegoc {speed, rC+}
 38087 | Swamp:4  | Reached XP level 18. HP: 138/155 MP: 1/37
 38245 | Swamp:3  | Reached skill level 8 in Transmutations
 38700 | Swamp:4  | Reached skill level 12 in Dodging
 38787 | Swamp:4  | Noticed the 27-headed Lernaean hydra
 38788 | Swamp:4  | Killed the 27-headed Lernaean hydra
 38861 | Swamp:4  | You add the spells Gell's Gravitas, Teleport Other and
                  | Dispersal to your library.
 38903 | Swamp:4  | Got a decaying rune of Zot
 38944 | Swamp:4  | You pick up a book of Frost and begin reading...
 39504 | Vaults:1 | Entered Level 1 of the Vaults
 40252 | Vaults:1 | Reached skill level 13 in Fighting
 40285 | Vaults:1 | Gained mutation: Your spells are a little easier to cast,
                  | but a little less powerful. [you]
 40437 | Vaults:1 | You pick up a book of Annihilations and begin reading...
 40437 | Vaults:1 | You add the spells Chain Lightning, Fire Storm and Shatter
                  | to your library.
 40493 | Vaults:1 | Reached skill level 13 in Dodging
 40632 | Vaults:1 | Noticed Saint Roka
 40646 | Vaults:1 | Killed Saint Roka
 41210 | Vaults:1 | Reached skill level 1 in Stealth
 41334 | Vaults:1 | Identified the +4 mace of the Shoals {flame, Dex+2}
 41384 | Vaults:1 | Found Zaral's Book Shoppe.
 41394 | Vaults:1 | Reached skill level 2 in Stealth
 41576 | Vaults:1 | Identified the +7 leather armour of the Nine Bashing Suns
                  | {Str+5 Int+4 Dex-5}
 41604 | Vaults:1 | Bought the Unrestrained Analects for 792 gold pieces
 41604 | Vaults:1 | You add the spells Olgreb's Toxic Radiance and Ozocubu's
                  | Refrigeration to your library.
 41612 | Vaults:1 | Learned a level 7 spell: Ozocubu's Refrigeration
 41774 | Vaults:1 | Noticed Zenata
 42160 | Vaults:2 | You pick up a book of Armaments and begin reading...
 42160 | Vaults:2 | You add the spells Stone Arrow and Lehudib's Crystal Spear
                  | to your library.
 42297 | Vaults:2 | You pick up a book of the Hunter and begin reading...
 42297 | Vaults:2 | You add the spells Call Canine Familiar, Portal Projectile
                  | and Leda's Liquefaction to your library.
 42337 | Vaults:2 | Found a staircase to the Crypt.
 42366 | Vaults:2 | Found Laqoapel's Armour Emporium.
 42406 | Vaults:2 | Reached skill level 13 in Ice Magic
 42692 | Vaults:2 | Identified the +1 robe "Jiacwoxo" {+Blink rF+ Will+}
 42711 | Vaults:2 | Found the +3 crown of Dyrovepreva {rElec Int+2 SInv}
 42717 | Vaults:2 | Identified a +2 robe of the Archmagi
 42719 | Vaults:2 | You pick up a book of Power and begin reading...
 42721 | Vaults:2 | Identified the +1 hat of Catatonia {rCorr Dex+3}
 43188 | Vaults:2 | Reached skill level 14 in Ice Magic
 43323 | Vaults:2 | Identified the +7 mace "Ucroh Resk" {vorpal, Int+5}
 43467 | Vaults:2 | Reached XP level 19. HP: 165/165 MP: 38/38
 44336 | Vaults:3 | Found a portal to a secret trove of treasure.
 44355 | Vaults:3 | Reached skill level 15 in Ice Magic
 44677 | Vaults:3 | This trove needs 8 scrolls of fear to function. Give it the
                  | items?
 44677 | Vaults:3 | This trove needs 8 scrolls of fear to function. Give it the
                  | items?
 44776 | Vaults:3 | Reached skill level 16 in Ice Magic
 45202 | Vaults:3 | Learned a level 6 spell: Simulacrum
 45251 | Vaults:3 | Reached skill level 1 in Necromancy
 45352 | Vaults:3 | Reached skill level 2 in Necromancy
 45402 | Vaults:3 | Identified the +2 short sword of the Eleven Brambles {vamp,
                  | *Corrode rElec rPois Str+5}
 46029 | Vaults:4 | Reached skill level 3 in Necromancy
 46057 | Vaults:4 | Reached skill level 4 in Necromancy
 46208 | Vaults:4 | You pick up a book of Touch and begin reading...
 46208 | Vaults:4 | You add the spells Kiss of Death and Confusing Touch to
                  | your library.
 46277 | Vaults:4 | Reached skill level 5 in Necromancy
 46841 | Vaults:4 | Reached skill level 6 in Necromancy
 47174 | Vaults:4 | Found Nufanua's Book Boutique.
 47732 | Elf:1    | Killed a bone dragon
 47923 | Elf:1    | Reached skill level 7 in Necromancy
 48093 | Elf:1    | You add the spells Shock, Static Discharge, Lightning Bolt
                  | and Silence to your library.
 48093 | Elf:1    | Got Duxaicau's Grimoire of Breath
 48573 | Elf:1    | You add the spells Haunt, Borgnjor's Revivification and
                  | Infestation to your library.
 48573 | Elf:1    | Got Plog's Tome of Stolen Souls
 48743 | Lair:1   | Learned a level 6 spell: Death Channel
 48902 | Elf:2    | Reached skill level 8 in Necromancy
 48931 | Elf:2    | Paralysed by an air elemental for 1 turns
 49061 | Elf:2    | Got the Commentary on Poison and the Blizzard
 49157 | Elf:2    | Found a runed translucent gate.
 49158 | Elf:2    | Found a runed translucent gate.
 49158 | Elf:2    | Found a runed translucent gate.
 49210 | Elf:2    | Reached XP level 20. HP: 173/173 MP: 39/39
 49461 | Elf:3    | Entered Level 3 of the Elven Halls
 49853 | Elf:3    | Reached skill level 9 in Necromancy
 50331 | Elf:3    | Reached skill level 10 in Necromancy
 50747 | Elf:3    | Identified the ring "Voseuja Ezy" {rC+ rCorr}
 50749 | Elf:3    | Identified the +5 chain mail of Restlessness {Drain Int+3
                  | Dex+3}
 51135 | Elf:3    | Identified the ring of the Smoking Saviour {rC+ Will+
                  | Str+6}
 51137 | Elf:3    | Noticed Donald
 51141 | Elf:3    | Identified the amulet "Waith" {Acrobat rC+ Will+}
 51146 | Elf:3    | Reached skill level 11 in Necromancy
 51153 | Elf:3    | Killed Donald
 51370 | Elf:3    | You pick up a book of Blood and begin reading...
 51486 | Elf:3    | You pick up a book of Hexes and begin reading...
 51489 | Elf:3    | You pick up a book of the Dragon and begin reading...
 51489 | Elf:3    | You add the spells Dragon Form and Dragon's Call to your
                  | library.
 51492 | Elf:3    | You pick up a book of Necromancy and begin reading...
 51492 | Elf:3    | You add the spells Necrotise, Vampiric Draining and Agony
                  | to your library.
 52371 | Depths:1 | Upgraded the game from 0.30-a0-509-gd016549fea to
                  | 0.30-a0-528-g8c47a4955b
 52371 | Depths:1 | magus.rc [v1.9.6]
 52371 | Depths:1 | Found a gateway to Hell.
 52597 | Depths:1 | Reached skill level 14 in Fighting
 52834 | Depths:1 | magus.rc [v1.9.6]
 53102 | Depths:1 | Found a one-way gate to the infinite horrors of the Abyss.
 53268 | Depths:1 | Identified the +9 short sword "Etsuid" {vorpal, rPois
                  | Int+4}
 53287 | Depths:1 | Found a one-way gateway to a ziggurat.
 53574 | Depths:1 | Reached skill level 14 in Dodging
 53574 | Depths:1 | magus.rc [v1.9.6]
 54055 | Depths:1 | Gained mutation: You are clumsy. (Dex -2) [you]
 54462 | Depths:2 | Noticed Vv
 55209 | Depths:1 | Acquired the +2 pair of boots of the Barber Surgeon {Contam
                  | Rampage Dex+4 SInv}
 55235 | Depths:2 | Noticed Asterion
 55239 | Depths:1 | Gained mutation: You are very dopey. (Int -4) [you]
 55247 | Depths:1 | Gained mutation: Your spells are easier to cast, but less
                  | powerful. [you]
 55250 | Depths:1 | Killed Asterion
 55464 | Depths:2 | Killed Vv
 55732 | Depths:2 | Found a one-way gate leading to the halls of Pandemonium.
 55766 | Depths:2 | Lost mutation: You have a pair of small horns on your head.
                  | [potion of mutation]
 55766 | Depths:2 | Lost mutation: Your spells are easier to cast, but less
                  | powerful. [potion of mutation]
 55766 | Depths:2 | Lost mutation: You are clumsy. (Dex -2) [potion of
                  | mutation]
 55766 | Depths:2 | Gained mutation: You are frail. (-10% HP) [potion of
                  | mutation]
 55766 | Depths:2 | Gained mutation: You occasionally lose the ability to drink
                  | potions when taking damage. [potion of mutation]
 55766 | Depths:2 | Gained mutation: You expend magic power (3 MP) to
                  | strengthen your wands. [potion of mutation]
 55767 | Depths:2 | Lost mutation: Your spells are a little easier to cast, but
                  | a little less powerful. [potion of mutation]
 55767 | Depths:2 | Lost mutation: You occasionally lose the ability to drink
                  | potions when taking damage. [potion of mutation]
 55767 | Depths:2 | Lost mutation: You have supernaturally acute eyesight.
                  | (SInv) [potion of mutation]
 55767 | Depths:2 | Lost mutation: You expend magic power (3 MP) to strengthen
                  | your wands. [potion of mutation]
 55767 | Depths:2 | Gained mutation: Your spells are a little easier to cast,
                  | but a little less powerful. [potion of mutation]
 55767 | Depths:2 | Gained mutation: You are partially covered in large bone
                  | plates. (SH +4) [potion of mutation]
 55768 | Depths:2 | Lost mutation: You are partially covered in large bone
                  | plates. (SH +4) [potion of mutation]
 55768 | Depths:2 | Lost mutation: You are very dopey. (Int -4) [potion of
                  | mutation]
 55768 | Depths:2 | Lost mutation: You occasionally shout uncontrollably at
                  | your foes. [potion of mutation]
 55768 | Depths:2 | Gained mutation: Your body sometimes deteriorates upon
                  | taking damage. [potion of mutation]
 55768 | Depths:2 | Lost mutation: Your spells are a little easier to cast, but
                  | a little less powerful. [potion of mutation]
 55769 | Depths:2 | Lost mutation: Your body sometimes deteriorates upon taking
                  | damage. [potion of mutation]
 55769 | Depths:2 | Lost mutation: You are dopey. (Int -2) [potion of mutation]
 55769 | Depths:2 | Lost mutation: You are frail. (-10% HP) [potion of
                  | mutation]
 55769 | Depths:2 | Gained mutation: Your mind is acute. (Int +4, Str/Dex -1)
                  | [potion of mutation]
 55769 | Depths:2 | Gained mutation: You are clumsy. (Dex -2) [potion of
                  | mutation]
 55770 | Depths:2 | Lost mutation: You are clumsy. (Dex -2) [potion of
                  | mutation]
 55770 | Depths:2 | Lost mutation: Your mind is acute. (Int +4, Str/Dex -1)
                  | [potion of mutation]
 55770 | Depths:2 | Gained mutation: Your flesh is cold resistant. (rC+)
                  | [potion of mutation]
 55770 | Depths:2 | Gained mutation: You possess an exceptional clarity of
                  | mind. [potion of mutation]
 56023 | Depths:2 | Gained mutation: You are clumsy. (Dex -2) [you]
 56167 | Depths:2 | Found Rulec's Antique Armour Shop.
 56167 | Depths:2 | Found Pawkuser's Jewellery Boutique.
 56181 | Depths:2 | Reached XP level 21. HP: 165/183 MP: 31/41
 56186 | Depths:2 | Reached skill level 8 in Hexes
 56558 | Depths:2 | Identified the ring "Put-Me-On" {rC+ Dex+3}
 56668 | Depths:2 | Gained mutation: You are very clumsy. (Dex -4) [you]
 56694 | Depths:2 | Reached skill level 9 in Transmutations
 56969 | Depths:2 | Reached skill level 11 in Spellcasting
 57939 | Depths:3 | You pick up a book of the Earth and begin reading...
 57939 | Depths:3 | You add the spells Lee's Rapid Deconstruction and Statue
                  | Form to your library.
 58088 | Depths:3 | Reached skill level 17 in Ice Magic
 58439 | Depths:3 | Reached skill level 12 in Necromancy
 59239 | Depths:4 | Entered Level 4 of the Depths
 60252 | Elf:2    | E - a +1 executioner's axe of pain {axerare=g}
 60272 | Elf:2    | T - a +2 double sword of venom {longrare=g}
 60273 | Elf:2    | your +2 double sword of venom {longrare=g} thirsts for the
                  | lives of mortals!
 60273 | Elf:2    | T - a +2 vampiric double sword {longrare=g}
 60274 | Elf:2    | T - a +2 vampiric double sword (weapon) {longrare=g}
 60275 | Elf:2    | your +2 vampiric double sword {longrare=g} glows red for a
                  | moment.
 60276 | Elf:2    | You drop a +1 executioner's axe of pain {axerare=g}.
 60277 | Elf:2    | your +3 vampiric double sword {longrare=g} glows red for a
                  | moment.
 60278 | Elf:2    | your +4 vampiric double sword {longrare=g} glows red for a
                  | moment.
 60279 | Elf:2    | T - a +5 vampiric double sword (weapon) {longrare=g}
 60279 | Elf:2    | a - a +5 vampiric double sword (weapon) {longrare=g}
 60279 | Elf:2    | your +5 vampiric double sword {longrare=g} glows red for a
                  | moment.
 60280 | Elf:2    | your +6 vampiric double sword {longrare=g} glows red for a
                  | moment.
 60281 | Elf:2    | your +7 vampiric double sword {longrare=g} glows red for a
                  | moment.
 60282 | Elf:2    | your +8 vampiric double sword {longrare=g} glows red for a
                  | moment.
 60291 | Elf:2    | Your damage rating with your +9 vampiric double sword
                  | {longrare=g} is about 48 (Base 15 x 165% (Dex) x 159%
                  | (Skill) + 9 (Ench)).
 60648 | Depths:4 | Lost mutation: You possess an exceptional clarity of mind.
                  | [potion of mutation]
 60648 | Depths:4 | Lost mutation: Your flesh is cold resistant. (rC+) [potion
                  | of mutation]
 60648 | Depths:4 | Lost mutation: You are very clumsy. (Dex -4) [potion of
                  | mutation]
 60648 | Depths:4 | Gained mutation: Your skin changes colour to match your
                  | surroundings (Stealth+). [potion of mutation]
 60648 | Depths:4 | Gained mutation: You do not regenerate when monsters are
                  | visible. [potion of mutation]
 60648 | Depths:4 | Gained mutation: You are strong-willed. (Will+) [potion of
                  | mutation]
 60649 | Depths:4 | Lost mutation: You are clumsy. (Dex -2) [potion of
                  | mutation]
 60649 | Depths:4 | Lost mutation: Your skin changes colour to match your
                  | surroundings (Stealth+). [potion of mutation]
 60649 | Depths:4 | Lost mutation: You do not regenerate when monsters are
                  | visible. [potion of mutation]
 60649 | Depths:4 | Gained mutation: Your natural rate of healing is unusually
                  | fast. [potion of mutation]
 60649 | Depths:4 | Gained mutation: You have very sharp teeth. [potion of
                  | mutation]
 60649 | Depths:4 | Gained mutation: You passively dampen the noise of your
                  | surroundings. [potion of mutation]
 60665 | Depths:4 | W - a +2 quick blade of electrocution {shortrare=g}
 60674 | Depths:3 | You drop a +2 quick blade of electrocution {shortrare=g}.
 60685 | Depths:4 | Noticed a juggernaut
 60889 | Depths:3 | Killed a juggernaut
 61133 | Depths:4 | Found a gate to the Realm of Zot.
 61187 | Depths:4 | Reached skill level 15 in Long Blades
 61389 | Depths:4 | Found Kitsor's General Store.
 61405 | Depths:4 | Found Kuof's Armour Emporium.
 61467 | Depths:4 | Reached XP level 22. HP: 160/191 MP: 38/43
 61831 | Depths:4 | Your damage rating with your +9 vampiric double sword
                  | {longrare=g} is about 51 (Base 15 x 175% (Dex) x 163%
                  | (Skill) + 9 (Ench)).
 62184 | Vaults:5 | Entered Level 5 of the Vaults
 62192 | Vaults:5 | Reached skill level 16 in Long Blades
 62409 | Vaults:5 | Reached skill level 15 in Fighting
 62513 | Vaults:5 | Gained mutation: You occasionally lose the ability to read
                  | scrolls when taking damage. [you]
 62584 | Vaults:5 | Found Lumim's Distillery.
 62591 | Vaults:5 | Reached skill level 15 in Dodging
 62654 | Vaults:5 | Gained mutation: You are frail. (-10% HP) [you]
 62763 | Vaults:5 | Found Bieza's Distillery.
 62774 | Vaults:5 | Bought a potion of heal wounds for 95 gold pieces
 62774 | Vaults:5 | Bought a potion of heal wounds for 95 gold pieces
 62811 | Vaults:5 | Lost mutation: You passively dampen the noise of your
                  | surroundings. [potion of mutation]
 62811 | Vaults:5 | Lost mutation: You are strong-willed. (Will+) [potion of
                  | mutation]
 62811 | Vaults:5 | Gained mutation: You have large cloven feet. [potion of
                  | mutation]
 62811 | Vaults:5 | Gained mutation: You are partially covered in large bone
                  | plates. (SH +4) [potion of mutation]
 62813 | Vaults:5 | Lost mutation: You have large cloven feet. [potion of
                  | mutation]
 62813 | Vaults:5 | Lost mutation: You are partially covered in large bone
                  | plates. (SH +4) [potion of mutation]
 62813 | Vaults:5 | Gained mutation: You sometimes lose the ability to read
                  | scrolls when taking damage. [potion of mutation]
 62813 | Vaults:5 | Gained mutation: You have sharp toenails. [potion of
                  | mutation]
 62813 | Vaults:5 | Gained mutation: You are strong-willed. (Will+) [potion of
                  | mutation]
 62814 | Vaults:5 | Lost mutation: You have very sharp teeth. [potion of
                  | mutation]
 62814 | Vaults:5 | Lost mutation: You have sharp toenails. [potion of
                  | mutation]
 62814 | Vaults:5 | Gained mutation: You are highly strong-willed. (Will++)
                  | [potion of mutation]
 62814 | Vaults:5 | Lost mutation: Your natural rate of healing is unusually
                  | fast. [potion of mutation]
 62815 | Vaults:5 | Lost mutation: You are highly strong-willed. (Will++)
                  | [potion of mutation]
 62815 | Vaults:5 | Lost mutation: You are strong-willed. (Will+) [potion of
                  | mutation]
 62815 | Vaults:5 | Gained mutation: Your mind is acute. (Int +4, Str/Dex -1)
                  | [potion of mutation]
 62816 | Vaults:5 | Lost mutation: Your mind is acute. (Int +4, Str/Dex -1)
                  | [potion of mutation]
 62816 | Vaults:5 | Lost mutation: You are frail. (-10% HP) [potion of
                  | mutation]
 62816 | Vaults:5 | Lost mutation: You sometimes lose the ability to read
                  | scrolls when taking damage. [potion of mutation]
 62816 | Vaults:5 | Gained mutation: You have large cloven feet. [potion of
                  | mutation]
 62816 | Vaults:5 | Gained mutation: You are dopey. (Int -2) [potion of
                  | mutation]
 62816 | Vaults:5 | Gained mutation: You are robust. (+10% HP) [potion of
                  | mutation]
 62816 | Vaults:5 | Gained mutation: Your natural rate of healing is unusually
                  | fast. [potion of mutation]
 62818 | Vaults:5 | Your damage rating with your +9 vampiric double sword
                  | {longrare=g} is about 52 (Base 15 x 175% (Dex) x 166%
                  | (Skill) + 9 (Ench)).
 62828 | Vaults:5 | Identified the +1 crystal plate armour of Infinity {-Cast
                  | rPois rC+ Str+2}
 62829 | Vaults:5 | W - the +1 crystal plate armour of Infinity {-Cast rPois
                  | rC+ Str+2, rare=g}
 62830 | Vaults:5 | You drop the +1 crystal plate armour of Infinity {-Cast
                  | rPois rC+ Str+2, rare=g}.
 62982 | Vaults:5 | W - quicksilver dragon scales {rare}
 63003 | Vaults:5 | Could not pick up the +1 crystal plate armour of Infinity
                  | {-Cast rPois rC+ Str+2, rare=g} here; ([A]lways) ignore it?
 63427 | Vaults:5 | Reached skill level 16 in Fighting
 63478 | Vaults:5 | Found Quuhare's Distillery.
 63482 | Vaults:5 | Bought a potion of heal wounds for 55 gold pieces
 63482 | Vaults:5 | Bought a potion of heal wounds for 55 gold pieces
 63486 | Vaults:5 | Bought a potion of might for 44 gold pieces
 63509 | Vaults:5 | Found Wuvimm's Distillery.
 63566 | Vaults:5 | Reached skill level 16 in Dodging
 63611 | Vaults:5 | Got a silver rune of Zot
 63652 | Vaults:5 | Gained mutation: You sometimes lose your temper in combat.
                  | [you]
 63735 | Vaults:5 | Noticed an ancient lich
 63773 | Vaults:5 | Killed an ancient lich
 63882 | Vaults:5 | Found Ekkicot's General Store.
 63890 | Vaults:5 | Bought a potion of haste for 150 gold pieces
 63893 | Vaults:5 | You pick up a book of Callings and begin reading...
 63893 | Vaults:5 | You add the spells Summon Small Mammal and Summon Guardian
                  | Golem to your library.
 64713 | Crypt:1  | Entered Level 1 of the Crypt
 64871 | Crypt:1  | Found a magical portal.
 64880 | WizLab   | Entered Iskenderun's Mystic Tower
 65099 | WizLab   | HP: 37/217 [disintegration (58)]
 65230 | WizLab   | Reached skill level 17 in Fighting
 65230 | WizLab   | Reached XP level 23. HP: 213/225 MP: 44/44
 65586 | WizLab   | Got Iskenderun's Atlas of Traumaturgy
 65586 | WizLab   | You add the spells Foxfire and Iskenderun's Mystic Blast to
                  | your library.
 65586 | WizLab   | Got Iskenderun's Atlas of Blasts
 65586 | WizLab   | You pick up a book of Necromancy and begin reading...
 65602 | WizLab   | Identified a +0 robe of the Archmagi
 65654 | WizLab   | You pick up a book of Transfigurations {@e2} and begin
                  | reading...
 65654 | WizLab   | Got the Verses on Generative Flames
 65663 | WizLab   | Learned a level 4 spell: Anguish
 66011 | Crypt:1  | Gained mutation: You are clumsy. (Dex -2) [you]
 66147 | Crypt:1  | Reached skill level 17 in Dodging
 66546 | Crypt:2  | Could not pick up +0 shadow dragon scales {rare} here;
                  | ([A]lways) ignore it?
 66569 | Crypt:2  | Lost mutation: You are dopey. (Int -2) [potion of mutation]
 66569 | Crypt:2  | Lost mutation: Your natural rate of healing is unusually
                  | fast. [potion of mutation]
 66569 | Crypt:2  | Gained mutation: You are dopey. (Int -2) [potion of
                  | mutation]
 66850 | Orc:2    | Bought a potion of mutation for 120 gold pieces
 66850 | Orc:2    | Bought 2 potions of mutation for 240 gold pieces
 66850 | Orc:2    | Lost mutation: You sometimes lose your temper in combat.
                  | [potion of mutation]
 66850 | Orc:2    | Lost mutation: You are dopey. (Int -2) [potion of mutation]
 66850 | Orc:2    | Lost mutation: You are clumsy. (Dex -2) [potion of
                  | mutation]
 66850 | Orc:2    | Lost mutation: You are robust. (+10% HP) [potion of
                  | mutation]
 66850 | Orc:2    | Lost mutation: You have large cloven feet. [potion of
                  | mutation]
 66851 | Orc:2    | Lost mutation: You occasionally lose the ability to read
                  | scrolls when taking damage. [potion of mutation]
 66851 | Orc:2    | Gained mutation: Your mind is acute. (Int +4, Str/Dex -1)
                  | [potion of mutation]
 66851 | Orc:2    | Gained mutation: Your mind is very acute. (Int +8, Str/Dex
                  | -2) [potion of mutation]
 67110 | Crypt:2  | Learned a level 5 spell: Irradiate
 67210 | Crypt:2  | Reached skill level 7 in Conjurations
 67371 | Crypt:2  | Noticed a curse skull
 67388 | Crypt:1  | HP: 34/206 [??? (25)]
 67390 | Crypt:1  | Killed a curse skull
 67874 | Crypt:2  | You drop quicksilver dragon scales {rare}.
 68329 | Crypt:2  | Gained mutation: You are clumsy. (Dex -2) [you]
 68622 | Crypt:3  | Entered Level 3 of the Crypt
 68648 | Crypt:3  | Reached skill level 11 in Armour
 68722 | Crypt:3  | Noticed a curse skull
 68727 | Crypt:3  | Killed a curse skull
 69329 | Crypt:3  | Reached skill level 12 in Armour
 69330 | Crypt:3  | Identified the +9 glaive of Mupi {vorpal, Fly}
 69330 | Crypt:3  | Identified the ring of the Twisting Jester {rElec rF+ rN+}
 69446 | Crypt:3  | You pick up a book of Maledictions and begin reading...
 69452 | Crypt:3  | Identified the ring of Getylyl {rC+ rN+}
 69452 | Crypt:3  | Identified the ring "Qisif" {rN+ Will- Str+6}
 69500 | Crypt:3  | Found the +8 Vampire's Tooth {vamp}
 69520 | Crypt:3  | Got Zuefes's Reference Book on Frigorific Ozone
 69578 | Crypt:3  | HP: 35/206 [ancient champion/the +9 glaive of Mupi {vorpal,
                  | Fly} (33)]
 70092 | Crypt:3  | HP: 28/182 [ghostly deep elf death mage/bolt of negative
                  | energy (26)]
 70840 | Zot:1    | Entered Level 1 of the Realm of Zot
 70845 | Zot:1    | Reached skill level 12 in Spellcasting
 70848 | Zot:1    | Identified +7 gold dragon scales
 70848 | Zot:1    | Noticed Parghit
 70856 | Depths:4 | HP: 42/191 [death cob (11)]
 70861 | Depths:4 | HP: 32/192 [death cob (9)]
 71293 | Depths:3 | W - a +2 quick blade of electrocution {shortrare=g}
 71641 | Zot:1    | Reached skill level 7 in Evocations
 72154 | Zot:1    | You fall into a shaft and drop 1 floor!
 72191 | Zot:2    | Reached skill level 8 in Evocations
 72550 | Zot:1    | l - +0 storm dragon scales {rare}
 72572 | Zot:1    | Reached skill level 13 in Spellcasting
 72584 | Zot:1    | You pick up a book of Fire and begin reading...
 72684 | Zot:1    | Identified the +8 chain mail of Pan-Flutes {Rampage rElec
                  | rF++ rC-}
 72816 | Zot:1    | You drop +0 storm dragon scales {rare}.
 72817 | Zot:1    | You drop a +2 quick blade of electrocution {shortrare=g}.
 72983 | Zot:2    | Noticed an orb of fire
 72993 | Zot:2    | Reached skill level 9 in Evocations
 72999 | Zot:2    | Killed an orb of fire
 73415 | Zot:2    | Reached XP level 24. HP: 214/214 MP: 19/46
 74174 | Zot:3    | Noticed Grunn
 74183 | Zot:3    | Noticed a curse toe
 74186 | Zot:3    | Killed Grunn
 75138 | Zot:2    | Reached skill level 18 in Dodging
 75292 | Zot:2    | Killed a curse toe
 75356 | Zot:3    | Identified +0 gold dragon scales
 75358 | Zot:3    | +0 gold dragon scales {rare}; a golden dragon corpse
 75507 | Zot:4    | Reached skill level 19 in Dodging
 75756 | Zot:4    | Noticed an orb of fire
 75757 | Zot:4    | Gained mutation: Your body sometimes deteriorates upon
                  | taking damage. [an orb of fire]
 75759 | Zot:4    | Gained mutation: You occasionally lose the ability to read
                  | scrolls when taking damage. [an orb of fire]
 75760 | Zot:4    | Gained mutation: You are frail. (-10% HP) [an orb of fire]
 75764 | Zot:4    | Gained mutation: You sometimes lose the ability to read
                  | scrolls when taking damage. [an orb of fire]
 75811 | Zot:3    | Lost mutation: Your body sometimes deteriorates upon taking
                  | damage. [potion of mutation]
 75811 | Zot:3    | Lost mutation: You are frail. (-10% HP) [potion of
                  | mutation]
 75811 | Zot:3    | Lost mutation: Your mind is very acute. (Int +8, Str/Dex
                  | -2) [potion of mutation]
 75811 | Zot:3    | Gained mutation: Potions are less effective at restoring
                  | your health. [potion of mutation]
 75811 | Zot:3    | Gained mutation: You are weak. (Str -2) [potion of
                  | mutation]
 75812 | Zot:3    | Lost mutation: Your mind is acute. (Int +4, Str/Dex -1)
                  | [potion of mutation]
 75812 | Zot:3    | Lost mutation: You sometimes lose the ability to read
                  | scrolls when taking damage. [potion of mutation]
 75812 | Zot:3    | Gained mutation: You are strong-willed. (Will+) [potion of
                  | mutation]
 75812 | Zot:3    | Gained mutation: Your mind is acute. (Int +4, Str/Dex -1)
                  | [potion of mutation]
 75812 | Zot:3    | Lost mutation: You are strong-willed. (Will+) [potion of
                  | mutation]
 75813 | Zot:3    | Lost mutation: You are clumsy. (Dex -2) [potion of
                  | mutation]
 75813 | Zot:3    | Lost mutation: Your mind is acute. (Int +4, Str/Dex -1)
                  | [potion of mutation]
 75813 | Zot:3    | Gained mutation: You are agile. (Dex +4, Str/Int -1)
                  | [potion of mutation]
 76156 | Zot:3    | Noticed an orb of fire
 76298 | Zot:3    | Noticed a curse toe
 76406 | Zot:3    | Identified the ring of Hossovag {Ice rPois Slay+3}
 76406 | Zot:3    | Noticed Josephina
 76407 | Zot:3    | Killed an orb of fire
 76547 | Zot:3    | +0 storm dragon scales {rare}; a storm dragon corpse
 76763 | Zot:3    | Noticed a curse toe
 76773 | Zot:3    | Killed a curse toe
 76953 | Zot:3    | Noticed a curse toe
 76961 | Zot:3    | Killed a curse toe
 77250 | Zot:3    | Paralysed by you for 4 turns
 77275 | Zot:3    | Killed a curse toe
 77344 | Zot:3    | Noticed a curse toe
 77385 | Zot:3    | Killed a curse toe
 77732 | Zot:4    | Reached skill level 20 in Dodging
 77743 | Zot:4    | Killed an orb of fire
 77763 | Zot:5    | Entered Level 5 of the Realm of Zot
 78391 | Zot:5    | Your damage rating with your +9 vampiric double sword
                  | {longrare=g} is about 68 (Base 15 x 195% (Dex) x 170%
                  | (Skill) + 18 (Ench + Slay)).
 78399 | Zot:5    | magus.rc [v1.9.6]
 78415 | Zot:5    | Reached skill level 21 in Dodging
 78464 | Zot:5    | Noticed a dread lich
 78486 | Zot:5    | Killed a dread lich
 78514 | Zot:5    | Noticed a Killer Klown
 78517 | Zot:5    | Noticed an electric golem
 78518 | Zot:5    | Noticed an orb of fire
 78518 | Zot:5    | Noticed a dread lich
 78518 | Zot:5    | Noticed an ancient lich
 78524 | Zot:5    | Killed a Killer Klown
 78526 | Zot:5    | Killed an orb of fire
 78527 | Zot:5    | Reached skill level 18 in Fighting
 78531 | Zot:5    | Killed an ancient lich
 78533 | Zot:5    | Killed a dread lich
 78534 | Zot:5    | Reached XP level 25. HP: 210/224 MP: 43/46
 78535 | Zot:5    | Killed an electric golem
 78627 | Zot:5    | Got the Orb of Zot
 78767 | Zot:1    | Noticed Woasuf the pandemonium lord
 79057 | D:7      | Reached skill level 19 in Fighting
 79207 | D:$      | Escaped with the Orb!

Vanquished Creatures
  A dread lich (Zot:5)
  2 ancient liches
  A juggernaut (Depths:3)
  Saint Roka (Vaults:1)
  5 curse toes
  9 golden dragons
  A profane servitor (D:7)
  5 bone dragons
  A Tzitzimitl (Zot:2)
  3 doom hounds
  12 tentacled monstrosities
  16 Orb Guardians (Zot:5)
  Jorgrun (Orc:1)
  Mlioglotl (Lair:3)
  7 liches
  7 deep elf blademasters
  Grunn (Zot:3)
  Asterion (Depths:1)
  3 quicksilver dragons
  7 ancient champions
  An Executioner (D:5)
  5 sphinxes
  A thorn hunter (Snake:1)
  9 death cobs
  2 draconian monks
  8 storm dragons
  Donald (Elf:3)
  10 fire giants
  7 shadow dragons
  2 nagarajas
  A fenstrider witch (Swamp:2)
  8 tengu reavers
  A revenant (Crypt:1)
  An iron dragon (Depths:2)
  12 draconian knights
  9 frost giants
  5 deep elf sorcerers
  2 balrugs
  13 vault wardens
  A draconian scorcher (Zot:2)
  2 curse skulls
  4 deep elf elementalists (Elf:3)
  5 spectral caustic shrikes (Depths:1)
  5 ghouls (Crypt:2)
  5 draconian stormcallers
  21 ironbound preservers
  A draconian shifter (Zot:1)
  3 spriggan defenders (Depths:4)
  3 orc warlords
  5 very ugly things
  4 war gargoyles
  A reaper (Zot:2)
  3 draconian annihilators
  13 stone giants
  4 vampire knights
  7 ironbound thunderhulks
  A deep elf demonologist (Vaults:5)
  15 green draconians
  15 purple draconians
  4 putrid mouths (Zot:2)
  12 bunyips
  2 white draconians (Zot:2)
  6 deep elf annihilators
  14 red draconians
  2 eleionomae
  3 black draconians
  9 spark wasps
  4 dire elephants (Vaults:4)
  6 eidola
  11 yellow draconians
  8 deep elf death magi
  A blizzard demon (Depths:2)
  15 ettins
  2 crystal guardians
  2 entropy weavers
  8 fire dragons
  9 jiangshi
  9 statues (WizLab)
  2 mummy priests (Crypt:3)
  14 yaktaur captains
  7 deep elf high priests
  2 rakshasas
  6 great orbs of eyes
  An ogre mage (Vaults:5)
  36 vault guards
  26 hydras
  8 ice dragons
  A catoblepas (D:14)
  4 salamander tyrants (Snake:4)
  3 peacekeepers
  14 anacondas
  2 death knights
  8 spriggan air magi
  7 ghost crabs
  10 ironbound frosthearts
  2 boulder beetles
  A juggernaut simulacrum (Elf:1)
  14 centaur warriors
  2 two-headed ogres
  An Orb Guardian skeleton (Crypt:2)
  32 dancing weapons
  Erica (D:8)
  5 deep troll shamans
  5 vampire magi
  8 alligators
  8 naga warriors
  8 deep troll earth magi
  5 tengu warriors
  3 soul eaters
  6 orc high priests
  4 spriggan berserkers
  A death yak (Lair:3)
  7 naga sharpshooters
  10 deep elf knights
  21 shock serpents
  Urug (Orc:1)
  Sonja (Orc:1)
  6 sun demons
  8 hell knights
  2 titan skeletons
  A fire crab (Elf:1)
  5 iron trolls
  A sixfirhy (Depths:2)
  75 deep trolls
  32 skeletal warriors
  A spark wasp zombie (Depths:1)
  5 shadow wraiths (Crypt:3)
  4 spriggan druids
  8 salamander mystics
  A quicksilver dragon simulacrum (Elf:1)
  5 sea snakes
  5 goliath frogs
  A death drake (Elf:1)
  5 flayed ghosts
  4 naga ritualists
  10 swamp dragons
  A sea snake (shapeshifter) (Elf:1)
  10 ironbound convokers
  10 wizards
  A bunyip skeleton (Crypt:3)
  11 orc knights
  9 deep elf archers
  A harpy (shapeshifter) (D:14)
  9 bog bodies
  10 phantasmal warriors
  10 lindwurms
  23 ugly things
  5 necromancers
  25 deep elf zephyrmancers
  A jorogumo zombie (Crypt:1)
  A golden dragon skeleton (Crypt:3)
  17 mana vipers
  A wolf spider (Elf:1)
  3 manticores
  3 shining eyes (shapeshifter)
  29 deep elf pyromancers
  A will-o-the-wisp (Swamp:2)
  2 tengu skeletons
  3 cyclopes
  9 orc sorcerers
  13 elephants
  17 salamanders
  A sphinx skeleton (Elf:1)
  42 black mambas
  A fire giant skeleton (Depths:1)
  11 moths of wrath
  A rust devil (D:10)
  4 molten gargoyles
  2 gargoyles (D:7)
  10 apocalypse crabs (Zot:3)
  11 naga magi
  A titan simulacrum (Crypt:3)
  8 vault sentinels
  9 guardian serpents
  9 cane toads
  A smoke demon (Depths:2)
  An elf skeleton (Vaults:3)
  A catoblepas zombie (Crypt:1)
  2 unseen horrors (D:11)
  A centaur skeleton (Crypt:3)
  2 kobold demonologists
  15 yaktaurs
  Psyche (D:11)
  3 rime drakes
  An iron troll zombie (Crypt:2)
  2 komodo dragons
  A yellow draconian zombie (Crypt:3)
  2 red devils
  An efreet (Zot:2)
  An alligator snapping turtle skeleton (Crypt:2)
  2 redback zombies (Crypt:2)
  12 freezing wraiths
  2 tormentors (Zot:2)
  16 tengu conjurers
  A golden dragon simulacrum (Elf:1)
  3 ice devils
  2 guardian mummies (Crypt:3)
  13 trolls
  A tyrant leech (shapeshifter) (Depths:2)
  6 polar bears
  6 tyrant leeches
  A hydra skeleton (Crypt:3)
  4 meliai
  A tarantella (Elf:1)
  22 hornets
  A guardian serpent zombie (Crypt:3)
  30 slime creatures
  A tarantella zombie (Crypt:1)
  9 blink frogs
  A dream sheep (shapeshifter) (Depths:4)
  A dream sheep (Lair:5)
  4 air elementals
  A wyvern (Lair:1)
  2 vampires (D:12)
  An ettin skeleton (Depths:1)
  2 jumping spiders (Vaults:4)
  4 water elementals
  A yak (shapeshifter) (Elf:3)
  31 spriggans
  6 flying skulls (Crypt:1)
  3 ushabtiu (Crypt:3)
  9 wraiths
  A culicivora (Vaults:3)
  A shadow (D:9)
  A neqoxec (Depths:2)
  A hog (Elf:1)
  38 yaks
  22 humans (D:13)
  7 fire bats (Volcano)
  A chaos spawn (Depths:2)
  5 redbacks
  A steam dragon (D:8)
  21 fire elementals
  2 golden eyes (Elf:1)
  29 vampire mosquitoes
  A death yak simulacrum (Lair:3)
  A tyrant leech zombie (Crypt:1)
  12 wargs
  A water nymph zombie (Crypt:3)
  A glowing shapeshifter zombie (Vaults:3)
  A warg (shapeshifter) (Vaults:5)
  25 nagas
  An acid dragon (shapeshifter) (Depths:1)
  5 acid dragons
  20 swamp worms
  Duvessa (D:4)
  A water moccasin (shapeshifter) (Vaults:5)
  A demonspawn skeleton (Crypt:2)
  17 water moccasins
  A moth of wrath simulacrum (Zot:3)
  A floating eye (shapeshifter) (Elf:1)
  A naga skeleton (Crypt:3)
  40 orc warriors
  4 sky beasts
  13 swamp drakes
  4 ice beasts
  11 ogres
  A black bear (shapeshifter) (D:13)
  5 boggarts
  5 black bears (Lair:5)
  15 centaurs
  20 wolves
  A phantom (D:4)
  3 kobold brigands
  A komodo dragon zombie (Crypt:1)
  Blork the orc (D:6)
  18 bullfrogs
  5 earth elementals
  4 scorpions
  3 wyvern zombies (Ossuary)
  4 necrophages
  A two-headed ogre simulacrum (Lair:3)
  4 water moccasin zombies (Ossuary)
  A human skeleton (Vaults:3)
  13 wights
  A polar bear zombie (Crypt:1)
  A troll zombie (Crypt:3)
  Dowan (D:4)
  13 killer bees
  3 small abominations (Elf:1)
  An elephant simulacrum (Lair:3)
  A troll skeleton (Crypt:1)
  A vampire bat (Elf:1)
  3 electric eels
  A yak skeleton (Crypt:2)
  4 howler monkeys
  13 lava snakes
  6 centaur zombies
  4 bullfrog zombies (Ossuary)
  A human simulacrum (Vaults:1)
  A jelly (D:5)
  21 orc priests
  3 hounds
  3 iguanas
  18 orc wizards
  4 lightning spires (Elf:1)
  7 hell rats (Lair:4)
  A troll simulacrum (Lair:3)
  A boggart skeleton (Crypt:2)
  12 mummies (Ossuary)
  3 howler monkey zombies (Ossuary)
  8 adders
  3 gnolls
  A shadow imp (D:6)
  4 white imps
  An ufetubus (D:7)
  A lava snake skeleton (Crypt:2)
  3 worms
  4 dart slugs
  88 orcs
  3 ball pythons
  10 bats
  3 endoplasms
  3 giant cockroaches
  5 goblins
  5 hobgoblins
  4 jackals (D:1)
  2 quokkas
  5 frilled lizards
  A gnoll zombie (Crypt:1)
  A hobgoblin zombie (Crypt:3)
  26 kobolds
  7 rats
2187 creatures vanquished.

Vanquished Creatures (collateral kills)
  A dread lich (Zot:5)
  3 orbs of fire
  A Killer Klown (Zot:5)
  Vv (Depths:2)
  the Lernaean hydra (Swamp:4)
  A golden dragon (Zot:4)
  An electric golem (Zot:5)
  3 tentacled monstrosities
  A deep elf master archer (Elf:3)
  2 quicksilver dragons
  5 Orb Guardians (Zot:5)
  A deep elf blademaster (Elf:3)
  2 titans (Vaults:5)
  A sphinx (Vaults:5)
  2 tengu reavers (Vaults:5)
  A shadow dragon (Vaults:5)
  5 storm dragons
  A draconian knight (Zot:1)
  2 frost giants
  2 draconian shifters
  A ghost moth (Zot:4)
  A draconian stormcaller (Zot:1)
  7 very ugly things (Depths:2)
  2 draconian annihilators
  A war gargoyle (Vaults:5)
  4 stone giants
  A green draconian (Zot:2)
  A deep elf annihilator (Elf:3)
  A black draconian (Zot:2)
  4 purple draconians
  3 white draconians
  6 yellow draconians
  A spark wasp (Depths:3)
  4 ettins (Depths:2)
  An ice dragon (Depths:4)
  A spriggan air mage (Depths:3)
  A deep troll earth mage (Vaults:5)
  A tengu warrior (Depths:4)
  A two-headed ogre (shapeshifter) (Elf:1)
  A spriggan berserker (Depths:2)
  A shock serpent (Snake:1)
  4 hell knights
  A deep elf knight (Elf:2)
  A skeletal warrior (Crypt:1)
  2 deep trolls (Depths:2)
  An iron troll (Depths:2)
  A flayed ghost (Depths:4)
  A phantasmal warrior (Vaults:5)
  2 ironbound convokers (Vaults:5)
  2 necromancers (Depths:4)
  A deep elf zephyrmancer (Elf:2)
  2 deep elf pyromancers
  2 ugly things (Depths:2)
  3 moths of wrath
  A vault sentinel (Vaults:5)
  A yaktaur (Vaults:5)
  2 tengu conjurers
  A troll (Elf:3)
  2 hornets (Depths:2)
  2 spriggans (Depths:2)
  A swamp drake (Swamp:4)
114 creatures vanquished.

Vanquished Creatures (others)
  An orb of fire (Zot:3)
  A death cob (Zot:2)
  A draconian monk (Zot:1)
  A nagaraja (Snake:3)
  A draconian knight (Zot:4)
  A draconian scorcher (Zot:2)
  A draconian stormcaller (Zot:4)
  A red draconian (Zot:2)
  A two-headed ogre (shapeshifter) (Elf:1)
  A deep elf archer (Elf:1)
  A deep elf pyromancer (Elf:1)
  A moth of wrath (Zot:4)
  A tengu conjurer (WizLab)
  A ghost moth simulacrum (Zot:3)
  2 bloated husks
  A water elemental (Depths:1)
  A fire elemental (Elf:1)
  A moth of wrath simulacrum (Zot:3)
  4 orc wizards
  An orc (D:8)
  2 ball lightnings (Elf:1)
  38 fungi
  59 plants
  4 withered plants (Ossuary)
127 creatures vanquished.

Grand Total: 2428 creatures vanquished

Table legend:
 A = Non-vault XP
 B = Vault XP
 C = Vault XP percentage of total XP
 D = Non-vault monster count
 E = Vault monster count
 F = Vault count percentage of total count
                 A         B        C        D         E       F
            +---------+---------+-------+---------+---------+-------
      Total |  732604 |  658128 |  47.3 |    1317 |     987 |  42.8
            +---------+---------+-------+---------+---------+-------
        D:1 |      43 |       0 |   0.0 |      24 |       0 |   0.0
        D:2 |     100 |       0 |   0.0 |      25 |       0 |   0.0
        D:3 |      79 |       0 |   0.0 |      22 |       0 |   0.0
        D:4 |     263 |     210 |  44.4 |       8 |       2 |  20.0
        D:5 |     567 |       0 |   0.0 |      13 |       0 |   0.0
        D:6 |    1283 |     453 |  26.1 |      26 |       6 |  18.8
        D:7 |    1977 |       0 |   0.0 |      22 |       0 |   0.0
        D:8 |    1618 |     821 |  33.7 |      12 |       1 |   7.7
        D:9 |    1787 |     865 |  32.6 |      24 |      19 |  44.2
       D:10 |    2649 |     681 |  20.5 |      19 |       6 |  24.0
       D:11 |    2480 |    2674 |  51.9 |      20 |       9 |  31.0
       D:12 |    6948 |       0 |   0.0 |      19 |       0 |   0.0
       D:13 |    6426 |    6177 |  49.0 |      18 |      25 |  58.1
       D:14 |    7908 |       0 |   0.0 |      14 |       0 |   0.0
       D:15 |    5396 |    7230 |  57.3 |       8 |      10 |  55.6
     Lair:1 |    3219 |       0 |   0.0 |      14 |       0 |   0.0
     Lair:2 |    8070 |     245 |   2.9 |      27 |       2 |   6.9
     Lair:3 |    9368 |    7906 |  45.8 |      27 |      25 |  48.1
     Lair:4 |    1633 |       0 |   0.0 |      14 |       0 |   0.0
     Lair:5 |    5680 |    9096 |  61.6 |      19 |      48 |  71.6
    Swamp:1 |    6305 |       0 |   0.0 |      14 |       0 |   0.0
    Swamp:2 |   13166 |    4945 |  27.3 |      37 |       5 |  11.9
    Swamp:3 |   15603 |    1331 |   7.9 |      25 |       2 |   7.4
    Swamp:4 |   11952 |   18556 |  60.8 |      21 |      30 |  58.8
    Snake:1 |   18426 |    8844 |  32.4 |      37 |      17 |  31.5
    Snake:2 |    5632 |    9094 |  61.8 |      12 |      15 |  55.6
    Snake:3 |   22773 |    2649 |  10.4 |      40 |       4 |   9.1
    Snake:4 |   12936 |   31080 |  70.6 |      24 |      48 |  66.7
      Orc:1 |    3556 |    4121 |  53.7 |      36 |       5 |  12.2
      Orc:2 |    2358 |   17799 |  88.3 |      27 |      77 |  74.0
      Elf:1 |   10649 |   46208 |  81.3 |      22 |      87 |  79.8
      Elf:2 |    8300 |   24234 |  74.5 |      16 |      31 |  66.0
      Elf:3 |   13599 |   30191 |  68.9 |      34 |      27 |  44.3
   Vaults:1 |   29090 |   21288 |  42.3 |      47 |      39 |  45.3
   Vaults:2 |    9473 |   28266 |  74.9 |      16 |      36 |  69.2
   Vaults:3 |   34685 |   27903 |  44.6 |      46 |      36 |  43.9
   Vaults:4 |   19943 |   11197 |  36.0 |      31 |      17 |  35.4
   Vaults:5 |   18656 |  108217 |  85.3 |      22 |      99 |  81.8
    Crypt:1 |   22495 |       0 |   0.0 |      42 |       0 |   0.0
    Crypt:2 |   36492 |       0 |   0.0 |      52 |       0 |   0.0
    Crypt:3 |   10075 |   23645 |  70.1 |      16 |      31 |  66.0
   Depths:1 |   36042 |   12817 |  26.2 |      44 |      14 |  24.1
   Depths:2 |   55891 |   25523 |  31.3 |      67 |      25 |  27.2
   Depths:3 |   26578 |    4164 |  13.5 |      23 |       4 |  14.8
   Depths:4 |   39603 |   15978 |  28.7 |      46 |      16 |  25.8
      Zot:1 |   32660 |    5659 |  14.8 |      26 |       3 |  10.3
      Zot:2 |   56025 |   19269 |  25.6 |      48 |      29 |  37.7
      Zot:3 |   17372 |   25353 |  59.3 |      10 |      20 |  66.7
      Zot:4 |   43087 |       0 |   0.0 |      33 |       0 |   0.0
      Zot:5 |   31688 |   60502 |  65.6 |      28 |      26 |  48.1
    Ossuary |       0 |    1233 | 100.0 |       0 |      31 | 100.0
    Volcano |       0 |    4998 | 100.0 |       0 |      23 | 100.0
     WizLab |       0 |   26706 | 100.0 |       0 |      37 | 100.0
            +---------+---------+-------+---------+---------+-------

Illustrated notes

Table legend:
 A = Kills in this place as a percentage of kills in entire the game.
 B = Kills by you in this place as a percentage of kills by you in the entire game.
 C = Kills by friends in this place as a percentage of kills by friends in the entire game.
 D = Other kills in this place as a percentage of other kills in the entire game.
 E = Experience gained in this place as a percentage of experience gained in the entire game.
 F = Experience gained in this place divided by the number of levels of this place that you have seen.
                   A       B       C       D       E      F
               +-------+-------+-------+-------+-------+----------------------
         Total | 100.0 | 100.0 | 100.0 | 100.0 | 100.0 | 26459.5
       Dungeon |  15.6 |  16.5 |   0.0 |   0.0 |   4.8 | 4508.1
          Lair |   7.6 |   8.1 |   0.0 |   0.0 |   3.2 | 9043.4
         Swamp |   5.8 |   6.0 |   1.8 |   6.7 |   5.1 | 17964.5
     Snake Pit |   8.5 |   8.9 |   0.9 |   6.7 |   7.9 | 27858.5
  Orcish Mines |   6.3 |   6.6 |   0.0 |   6.7 |   2.0 | 13917.0
   Elven Halls |   9.4 |   9.4 |   7.0 |  20.0 |   9.5 | 44393.7
        Vaults |  16.8 |  16.9 |  17.5 |   0.0 |  22.0 | 61743.6
         Crypt |   6.1 |   6.4 |   0.9 |   0.0 |   6.6 | 30902.3
        Depths |  10.3 |   9.1 |  36.0 |   0.0 |  15.4 | 54149.0
           Zot |   9.7 |   8.2 |  33.3 |  53.3 |  21.0 | 58850.2
       Ossuary |   1.3 |   1.4 |   0.0 |   0.0 |   0.1 | 1233.0
       Volcano |   1.0 |   1.1 |   0.0 |   0.0 |   0.4 | 4998.0
        Wizlab |   1.6 |   1.5 |   2.6 |   6.7 |   1.9 | 26706.0
               +-------+-------+-------+-------+-------+----------------------

Table legend: (Time is in decaauts)
 A = Elapsed time spent in this place.
 B = Non-inter-level travel time spent in this place.
 C = Inter-level travel time spent in this place.
 D = Time resting spent in this place.
 E = Time spent auto-exploring this place.
 F = Levels seen in this place.
 G = Mean time per level.
                   A        B        C        D        E       F      G
               +--------+--------+--------+--------+--------+-----+--------+
         Total |  77929 |  71082 |   6847 |  21392 |  33056 |  53 | 1470.4 |
       Dungeon |  15371 |  13098 |   2273 |   2444 |   7714 |  15 | 1024.7 |
          Lair |   7147 |   6297 |    850 |   1194 |   3767 |   5 | 1429.4 |
         Swamp |   4452 |   4331 |    121 |   1178 |   2287 |   4 | 1113.0 |
     Snake Pit |   7699 |   7338 |    361 |   3064 |   2803 |   4 | 1924.8 |
  Orcish Mines |   3701 |   2923 |    778 |    834 |   1172 |   2 | 1850.5 |
   Elven Halls |   6559 |   6186 |    373 |   1860 |   2709 |   3 | 2186.3 |
        Vaults |  10368 |   9608 |    760 |   2309 |   5259 |   5 | 2073.6 |
         Crypt |   4425 |   4198 |    227 |   1511 |   1597 |   3 | 1475.0 |
        Depths |   9684 |   8834 |    850 |   3734 |   3465 |   4 | 2421.0 |
           Zot |   6938 |   6687 |    251 |   2792 |   1969 |   5 | 1387.6 |
       Ossuary |    343 |    343 |      0 |      0 |    110 |   1 |  343.0 |
       Volcano |    367 |    367 |      0 |    140 |     35 |   1 |  367.0 |
        Wizlab |    871 |    871 |      0 |    329 |    166 |   1 |  871.0 |
               +--------+--------+--------+--------+--------+-----+--------+

Top non-repeatable levels by time:
Depths:1: 3235 daAuts
   Elf:1: 3062 daAuts
   Orc:2: 2856 daAuts
 Snake:4: 2807 daAuts
Depths:2: 2777 daAuts
Vaults:1: 2729 daAuts
 Snake:3: 2475 daAuts
  Lair:3: 2470 daAuts
   Zot:2: 2363 daAuts
   Elf:3: 2323 daAuts
Vaults:3: 2089 daAuts
Depths:3: 2086 daAuts
Vaults:2: 1902 daAuts
Vaults:5: 1834 daAuts
Vaults:4: 1812 daAuts
